Workbook

Sheet Notes to update for FPG changes
A1: To update the following table:
A2: 1) unhide all columns and rows
A3: 2) update column A for 133% of FPG for current year submission and cell A24 for 100% base for household of 1
A4: 3) update row 8 for annual maximum income to match column A
A5: 4) update percentage ranges in row 5 based on formulas in rows 24 & 25
A6: 5) complete an example using the maximum income for a range to be sure it matches our income only calculation for the current year
A7: 6) save file as a calculation spreadsheet to identify how it is updated
A8: 7) Copy/paste the SFS tab and save as the submission file to NHSC
A9: 8) hide column A and rows 24 and 25
A10: 9) protect workbook

Sheet SFS 1.28.26
B1: Community Mental Health for Central Michigan
B2: Sliding Fee Schedule
B3: Based on 2026 Federal Poverty Guidelines (FPG)
B5: Per Visit Ability to Pay Sliding Fee Schedule
B6: Poverty Level | C6: 0%-133.00% | D6: 133.01%-180.33% | E6: 180.34%-227.67% | F6: 227.68%-322.33% | G6: 322.34%-369.67% | H6: 369.68%-417.00% | I6: 417.01%-464.33% | J6: 464.34%-511.67% | K6: 511.68%-559.00% | L6: 559.01%-606.33% | M6: 606.342%-653.67% | N6: 653.68%-701.00% | O6: 701.01%-748.33%
A7: FPG133% | B7: Annual Min Income | C7: 0 | D7: =C8+1 -> 21227.8 | E7: =D8+1 -> 28782.2 | F7: =E8+1 -> 36336.6 | G7: =F8+1 -> 51445.4 | H7: =G8+1 -> 58999.8 | I7: =H8+1 -> 66554.2 | J7: =I8+1 -> 74108.6 | K7: =J8+1 -> 81663 | ... O7: =N8+1 -> 111880.6
A8: HIDE COLUMN | B8: Annual Max Income | C8: =+A10 -> 21226.8 | D8: =+A11 -> 28781.2 | E8: =+A12 -> 36335.6 | F8: =+A14 -> 51444.4 | G8: =+A15 -> 58998.8 | H8: =+A16 -> 66553.2 | I8: =+A17 -> 74107.6 | J8: =+A18 -> 81662 | K8: =+A19 -> 89216.4 | L8: =+A20 -> 96770.8 | M8: =+A21 -> 104325.2 | N8: =+A22 -> 111879.6 | O8: =+A23 -> 119434
A9: Base | B9: Family Size
A10: 21226.8 | B10: 1 | C10: =IF(C$8/$A10<1.01,0,IF(AND(C$8/$A10>1,C$8/$A10<1.26),0.03,IF(AND(C$8/$A10>1.26,C$8/$A10<1.51),0.04,IF(AND(C$8/$A10>1.5,C$8/$A10<1.76),0.05,IF(AND(C$8/$A10>1.75,C$8/$A10<2.01),0.06,IF(AND(C$8/$A10>2.01,C$8/$A10<2.26),0.07,IF(AND(C$8/$A10>2.25,C$8/$A10<2.51),0.08,IF(AND(C$8/$A10>2.5,C$8/$A10<2.76),0.09,IF(AND(C$8/$A10>2.75,C$8/$A10<3.01),0.1,IF(AND(C$8/$A10>3,C$8/$A10<3.26),0.11,IF(AND(C$8/$A10>3.25,C$8/$A10<3.51),0.12,IF(AND(C$8/$A10>3.5,C$8/$A10<3.76),0.13,IF(AND(C$8/$A10>3.75,C$8/$A10<4.01),0.14,IF(C$8/$A10>4,0.15))))))))))))))*(C$8-$A10)/12/4 -> 0 | D10: =IF(D$8/$A10<1.01,0,IF(AND(D$8/$A10>1,D$8/$A10<1.26),0.03,IF(AND(D$8/$A10>1.26,D$8/$A10<1.51),0.04,IF(AND(D$8/$A10>1.5,D$8/$A10<1.76),0.05,IF(AND(D$8/$A10>1.75,D$8/$A10<2.01),0.06,IF(AND(D$8/$A10>2.01,D$8/$A10<2.26),0.07,IF(AND(D$8/$A10>2.25,D$8/$A10<2.51),0.08,IF(AND(D$8/$A10>2.5,D$8/$A10<2.76),0.09,IF(AND(D$8/$A10>2.75,D$8/$A10<3.01),0.1,IF(AND(D$8/$A10>3,D$8/$A10<3.26),0.11,IF(AND(D$8/$A10>3.25,D$8/$A10<3.51),0.12,IF(AND(D$8/$A10>3.5,D$8/$A10<3.76),0.13,IF(AND(D$8/$A10>3.75,D$8/$A10<4.01),0.14,IF(D$8/$A10>4,0.15))))))))))))))*(D$8-$A10)/12/4 -> 6.2953333 | E10: =IF(E$8/$A10<1.01,0,IF(AND(E$8/$A10>1,E$8/$A10<1.26),0.03,IF(AND(E$8/$A10>1.26,E$8/$A10<1.51),0.04,IF(AND(E$8/$A10>1.5,E$8/$A10<1.76),0.05,IF(AND(E$8/$A10>1.75,E$8/$A10<2.01),0.06,IF(AND(E$8/$A10>2.01,E$8/$A10<2.26),0.07,IF(AND(E$8/$A10>2.25,E$8/$A10<2.51),0.08,IF(AND(E$8/$A10>2.5,E$8/$A10<2.76),0.09,IF(AND(E$8/$A10>2.75,E$8/$A10<3.01),0.1,IF(AND(E$8/$A10>3,E$8/$A10<3.26),0.11,IF(AND(E$8/$A10>3.25,E$8/$A10<3.51),0.12,IF(AND(E$8/$A10>3.5,E$8/$A10<3.76),0.13,IF(AND(E$8/$A10>3.75,E$8/$A10<4.01),0.14,IF(E$8/$A10>4,0.15))))))))))))))*(E$8-$A10)/12/4 -> 15.738333 | F10: =IF(F$8/$A10<1.01,0,IF(AND(F$8/$A10>1,F$8/$A10<1.26),0.03,IF(AND(F$8/$A10>1.26,F$8/$A10<1.51),0.04,IF(AND(F$8/$A10>1.5,F$8/$A10<1.76),0.05,IF(AND(F$8/$A10>1.75,F$8/$A10<2.01),0.06,IF(AND(F$8/$A10>2.01,F$8/$A10<2.26),0.07,IF(AND(F$8/$A10>2.25,F$8/$A10<2.51),0.08,IF(AND(F$8/$A10>2.5,F$8/$A10<2.76),0.09,IF(AND(F$8/$A10>2.75,F$8/$A10<3.01),0.1,IF(AND(F$8/$A10>3,F$8/$A10<3.26),0.11,IF(AND(F$8/$A10>3.25,F$8/$A10<3.51),0.12,IF(AND(F$8/$A10>3.5,F$8/$A10<3.76),0.13,IF(AND(F$8/$A10>3.75,F$8/$A10<4.01),0.14,IF(F$8/$A10>4,0.15))))))))))))))*(F$8-$A10)/12/4 -> 50.362667 | G10: =IF(G$8/$A10<1.01,0,IF(AND(G$8/$A10>1,G$8/$A10<1.26),0.03,IF(AND(G$8/$A10>1.26,G$8/$A10<1.51),0.04,IF(AND(G$8/$A10>1.5,G$8/$A10<1.76),0.05,IF(AND(G$8/$A10>1.75,G$8/$A10<2.01),0.06,IF(AND(G$8/$A10>2.01,G$8/$A10<2.26),0.07,IF(AND(G$8/$A10>2.25,G$8/$A10<2.51),0.08,IF(AND(G$8/$A10>2.5,G$8/$A10<2.76),0.09,IF(AND(G$8/$A10>2.75,G$8/$A10<3.01),0.1,IF(AND(G$8/$A10>3,G$8/$A10<3.26),0.11,IF(AND(G$8/$A10>3.25,G$8/$A10<3.51),0.12,IF(AND(G$8/$A10>3.5,G$8/$A10<3.76),0.13,IF(AND(G$8/$A10>3.75,G$8/$A10<4.01),0.14,IF(G$8/$A10>4,0.15))))))))))))))*(G$8-$A10)/12/4 -> 78.691667 | H10: =IF(H$8/$A10<1.01,0,IF(AND(H$8/$A10>1,H$8/$A10<1.26),0.03,IF(AND(H$8/$A10>1.26,H$8/$A10<1.51),0.04,IF(AND(H$8/$A10>1.5,H$8/$A10<1.76),0.05,IF(AND(H$8/$A10>1.75,H$8/$A10<2.01),0.06,IF(AND(H$8/$A10>2.01,H$8/$A10<2.26),0.07,IF(AND(H$8/$A10>2.25,H$8/$A10<2.51),0.08,IF(AND(H$8/$A10>2.5,H$8/$A10<2.76),0.09,IF(AND(H$8/$A10>2.75,H$8/$A10<3.01),0.1,IF(AND(H$8/$A10>3,H$8/$A10<3.26),0.11,IF(AND(H$8/$A10>3.25,H$8/$A10<3.51),0.12,IF(AND(H$8/$A10>3.5,H$8/$A10<3.76),0.13,IF(AND(H$8/$A10>3.75,H$8/$A10<4.01),0.14,IF(H$8/$A10>4,0.15))))))))))))))*(H$8-$A10)/12/4 -> 103.873 | I10: =IF(I$8/$A10<1.01,0,IF(AND(I$8/$A10>1,I$8/$A10<1.26),0.03,IF(AND(I$8/$A10>1.26,I$8/$A10<1.51),0.04,IF(AND(I$8/$A10>1.5,I$8/$A10<1.76),0.05,IF(AND(I$8/$A10>1.75,I$8/$A10<2.01),0.06,IF(AND(I$8/$A10>2.01,I$8/$A10<2.26),0.07,IF(AND(I$8/$A10>2.25,I$8/$A10<2.51),0.08,IF(AND(I$8/$A10>2.5,I$8/$A10<2.76),0.09,IF(AND(I$8/$A10>2.75,I$8/$A10<3.01),0.1,IF(AND(I$8/$A10>3,I$8/$A10<3.26),0.11,IF(AND(I$8/$A10>3.25,I$8/$A10<3.51),0.12,IF(AND(I$8/$A10>3.5,I$8/$A10<3.76),0.13,IF(AND(I$8/$A10>3.75,I$8/$A10<4.01),0.14,IF(I$8/$A10>4,0.15))))))))))))))*(I$8-$A10)/12/4 -> 132.202 | J10: =IF(J$8/$A10<1.01,0,IF(AND(J$8/$A10>1,J$8/$A10<1.26),0.03,IF(AND(J$8/$A10>1.26,J$8/$A10<1.51),0.04,IF(AND(J$8/$A10>1.5,J$8/$A10<1.76),0.05,IF(AND(J$8/$A10>1.75,J$8/$A10<2.01),0.06,IF(AND(J$8/$A10>2.01,J$8/$A10<2.26),0.07,IF(AND(J$8/$A10>2.25,J$8/$A10<2.51),0.08,IF(AND(J$8/$A10>2.5,J$8/$A10<2.76),0.09,IF(AND(J$8/$A10>2.75,J$8/$A10<3.01),0.1,IF(AND(J$8/$A10>3,J$8/$A10<3.26),0.11,IF(AND(J$8/$A10>3.25,J$8/$A10<3.51),0.12,IF(AND(J$8/$A10>3.5,J$8/$A10<3.76),0.13,IF(AND(J$8/$A10>3.75,J$8/$A10<4.01),0.14,IF(J$8/$A10>4,0.15))))))))))))))*(J$8-$A10)/12/4 -> 176.26933 | ... O10: =IF(O$8/$A10<1.01,0,IF(AND(O$8/$A10>1,O$8/$A10<1.26),0.03,IF(AND(O$8/$A10>1.26,O$8/$A10<1.51),0.04,IF(AND(O$8/$A10>1.5,O$8/$A10<1.76),0.05,IF(AND(O$8/$A10>1.75,O$8/$A10<2.01),0.06,IF(AND(O$8/$A10>2.01,O$8/$A10<2.26),0.07,IF(AND(O$8/$A10>2.25,O$8/$A10<2.51),0.08,IF(AND(O$8/$A10>2.5,O$8/$A10<2.76),0.09,IF(AND(O$8/$A10>2.75,O$8/$A10<3.01),0.1,IF(AND(O$8/$A10>3,O$8/$A10<3.26),0.11,IF(AND(O$8/$A10>3.25,O$8/$A10<3.51),0.12,IF(AND(O$8/$A10>3.5,O$8/$A10<3.76),0.13,IF(AND(O$8/$A10>3.75,O$8/$A10<4.01),0.14,IF(O$8/$A10>4,0.15))))))))))))))*(O$8-$A10)/12/4 -> 306.8975
A11: 28781.2 | B11: 2 | C11: =IF(C$8/$A11<1.01,0,IF(AND(C$8/$A11>1,C$8/$A11<1.26),0.03,IF(AND(C$8/$A11>1.26,C$8/$A11<1.51),0.04,IF(AND(C$8/$A11>1.5,C$8/$A11<1.76),0.05,IF(AND(C$8/$A11>1.75,C$8/$A11<2.01),0.06,IF(AND(C$8/$A11>2.01,C$8/$A11<2.26),0.07,IF(AND(C$8/$A11>2.25,C$8/$A11<2.51),0.08,IF(AND(C$8/$A11>2.5,C$8/$A11<2.76),0.09,IF(AND(C$8/$A11>2.75,C$8/$A11<3.01),0.1,IF(AND(C$8/$A11>3,C$8/$A11<3.26),0.11,IF(AND(C$8/$A11>3.25,C$8/$A11<3.51),0.12,IF(AND(C$8/$A11>3.5,C$8/$A11<3.76),0.13,IF(AND(C$8/$A11>3.75,C$8/$A11<4.01),0.14,IF(C$8/$A11>4,0.15))))))))))))))*(C$8-$A11)/12/4 -> 0 | D11: =IF(D$8/$A11<1.01,0,IF(AND(D$8/$A11>1,D$8/$A11<1.26),0.03,IF(AND(D$8/$A11>1.26,D$8/$A11<1.51),0.04,IF(AND(D$8/$A11>1.5,D$8/$A11<1.76),0.05,IF(AND(D$8/$A11>1.75,D$8/$A11<2.01),0.06,IF(AND(D$8/$A11>2.01,D$8/$A11<2.26),0.07,IF(AND(D$8/$A11>2.25,D$8/$A11<2.51),0.08,IF(AND(D$8/$A11>2.5,D$8/$A11<2.76),0.09,IF(AND(D$8/$A11>2.75,D$8/$A11<3.01),0.1,IF(AND(D$8/$A11>3,D$8/$A11<3.26),0.11,IF(AND(D$8/$A11>3.25,D$8/$A11<3.51),0.12,IF(AND(D$8/$A11>3.5,D$8/$A11<3.76),0.13,IF(AND(D$8/$A11>3.75,D$8/$A11<4.01),0.14,IF(D$8/$A11>4,0.15))))))))))))))*(D$8-$A11)/12/4 -> 0 | E11: =IF(E$8/$A11<1.01,0,IF(AND(E$8/$A11>1,E$8/$A11<1.26),0.03,IF(AND(E$8/$A11>1.26,E$8/$A11<1.51),0.04,IF(AND(E$8/$A11>1.5,E$8/$A11<1.76),0.05,IF(AND(E$8/$A11>1.75,E$8/$A11<2.01),0.06,IF(AND(E$8/$A11>2.01,E$8/$A11<2.26),0.07,IF(AND(E$8/$A11>2.25,E$8/$A11<2.51),0.08,IF(AND(E$8/$A11>2.5,E$8/$A11<2.76),0.09,IF(AND(E$8/$A11>2.75,E$8/$A11<3.01),0.1,IF(AND(E$8/$A11>3,E$8/$A11<3.26),0.11,IF(AND(E$8/$A11>3.25,E$8/$A11<3.51),0.12,IF(AND(E$8/$A11>3.5,E$8/$A11<3.76),0.13,IF(AND(E$8/$A11>3.75,E$8/$A11<4.01),0.14,IF(E$8/$A11>4,0.15))))))))))))))*(E$8-$A11)/12/4 -> 6.2953333 | F11: =IF(F$8/$A11<1.01,0,IF(AND(F$8/$A11>1,F$8/$A11<1.26),0.03,IF(AND(F$8/$A11>1.26,F$8/$A11<1.51),0.04,IF(AND(F$8/$A11>1.5,F$8/$A11<1.76),0.05,IF(AND(F$8/$A11>1.75,F$8/$A11<2.01),0.06,IF(AND(F$8/$A11>2.01,F$8/$A11<2.26),0.07,IF(AND(F$8/$A11>2.25,F$8/$A11<2.51),0.08,IF(AND(F$8/$A11>2.5,F$8/$A11<2.76),0.09,IF(AND(F$8/$A11>2.75,F$8/$A11<3.01),0.1,IF(AND(F$8/$A11>3,F$8/$A11<3.26),0.11,IF(AND(F$8/$A11>3.25,F$8/$A11<3.51),0.12,IF(AND(F$8/$A11>3.5,F$8/$A11<3.76),0.13,IF(AND(F$8/$A11>3.75,F$8/$A11<4.01),0.14,IF(F$8/$A11>4,0.15))))))))))))))*(F$8-$A11)/12/4 -> 28.329 | G11: =IF(G$8/$A11<1.01,0,IF(AND(G$8/$A11>1,G$8/$A11<1.26),0.03,IF(AND(G$8/$A11>1.26,G$8/$A11<1.51),0.04,IF(AND(G$8/$A11>1.5,G$8/$A11<1.76),0.05,IF(AND(G$8/$A11>1.75,G$8/$A11<2.01),0.06,IF(AND(G$8/$A11>2.01,G$8/$A11<2.26),0.07,IF(AND(G$8/$A11>2.25,G$8/$A11<2.51),0.08,IF(AND(G$8/$A11>2.5,G$8/$A11<2.76),0.09,IF(AND(G$8/$A11>2.75,G$8/$A11<3.01),0.1,IF(AND(G$8/$A11>3,G$8/$A11<3.26),0.11,IF(AND(G$8/$A11>3.25,G$8/$A11<3.51),0.12,IF(AND(G$8/$A11>3.5,G$8/$A11<3.76),0.13,IF(AND(G$8/$A11>3.75,G$8/$A11<4.01),0.14,IF(G$8/$A11>4,0.15))))))))))))))*(G$8-$A11)/12/4 -> 44.067333 | H11: =IF(H$8/$A11<1.01,0,IF(AND(H$8/$A11>1,H$8/$A11<1.26),0.03,IF(AND(H$8/$A11>1.26,H$8/$A11<1.51),0.04,IF(AND(H$8/$A11>1.5,H$8/$A11<1.76),0.05,IF(AND(H$8/$A11>1.75,H$8/$A11<2.01),0.06,IF(AND(H$8/$A11>2.01,H$8/$A11<2.26),0.07,IF(AND(H$8/$A11>2.25,H$8/$A11<2.51),0.08,IF(AND(H$8/$A11>2.5,H$8/$A11<2.76),0.09,IF(AND(H$8/$A11>2.75,H$8/$A11<3.01),0.1,IF(AND(H$8/$A11>3,H$8/$A11<3.26),0.11,IF(AND(H$8/$A11>3.25,H$8/$A11<3.51),0.12,IF(AND(H$8/$A11>3.5,H$8/$A11<3.76),0.13,IF(AND(H$8/$A11>3.75,H$8/$A11<4.01),0.14,IF(H$8/$A11>4,0.15))))))))))))))*(H$8-$A11)/12/4 -> 62.953333 | I11: =IF(I$8/$A11<1.01,0,IF(AND(I$8/$A11>1,I$8/$A11<1.26),0.03,IF(AND(I$8/$A11>1.26,I$8/$A11<1.51),0.04,IF(AND(I$8/$A11>1.5,I$8/$A11<1.76),0.05,IF(AND(I$8/$A11>1.75,I$8/$A11<2.01),0.06,IF(AND(I$8/$A11>2.01,I$8/$A11<2.26),0.07,IF(AND(I$8/$A11>2.25,I$8/$A11<2.51),0.08,IF(AND(I$8/$A11>2.5,I$8/$A11<2.76),0.09,IF(AND(I$8/$A11>2.75,I$8/$A11<3.01),0.1,IF(AND(I$8/$A11>3,I$8/$A11<3.26),0.11,IF(AND(I$8/$A11>3.25,I$8/$A11<3.51),0.12,IF(AND(I$8/$A11>3.5,I$8/$A11<3.76),0.13,IF(AND(I$8/$A11>3.75,I$8/$A11<4.01),0.14,IF(I$8/$A11>4,0.15))))))))))))))*(I$8-$A11)/12/4 -> 84.987 | J11: =IF(J$8/$A11<1.01,0,IF(AND(J$8/$A11>1,J$8/$A11<1.26),0.03,IF(AND(J$8/$A11>1.26,J$8/$A11<1.51),0.04,IF(AND(J$8/$A11>1.5,J$8/$A11<1.76),0.05,IF(AND(J$8/$A11>1.75,J$8/$A11<2.01),0.06,IF(AND(J$8/$A11>2.01,J$8/$A11<2.26),0.07,IF(AND(J$8/$A11>2.25,J$8/$A11<2.51),0.08,IF(AND(J$8/$A11>2.5,J$8/$A11<2.76),0.09,IF(AND(J$8/$A11>2.75,J$8/$A11<3.01),0.1,IF(AND(J$8/$A11>3,J$8/$A11<3.26),0.11,IF(AND(J$8/$A11>3.25,J$8/$A11<3.51),0.12,IF(AND(J$8/$A11>3.5,J$8/$A11<3.76),0.13,IF(AND(J$8/$A11>3.75,J$8/$A11<4.01),0.14,IF(J$8/$A11>4,0.15))))))))))))))*(J$8-$A11)/12/4 -> 110.16833 | ... O11: =IF(O$8/$A11<1.01,0,IF(AND(O$8/$A11>1,O$8/$A11<1.26),0.03,IF(AND(O$8/$A11>1.26,O$8/$A11<1.51),0.04,IF(AND(O$8/$A11>1.5,O$8/$A11<1.76),0.05,IF(AND(O$8/$A11>1.75,O$8/$A11<2.01),0.06,IF(AND(O$8/$A11>2.01,O$8/$A11<2.26),0.07,IF(AND(O$8/$A11>2.25,O$8/$A11<2.51),0.08,IF(AND(O$8/$A11>2.5,O$8/$A11<2.76),0.09,IF(AND(O$8/$A11>2.75,O$8/$A11<3.01),0.1,IF(AND(O$8/$A11>3,O$8/$A11<3.26),0.11,IF(AND(O$8/$A11>3.25,O$8/$A11<3.51),0.12,IF(AND(O$8/$A11>3.5,O$8/$A11<3.76),0.13,IF(AND(O$8/$A11>3.75,O$8/$A11<4.01),0.14,IF(O$8/$A11>4,0.15))))))))))))))*(O$8-$A11)/12/4 -> 283.29
A12: 36335.6 | B12: 3 | C12: =IF(C$8/$A12<1.01,0,IF(AND(C$8/$A12>1,C$8/$A12<1.26),0.03,IF(AND(C$8/$A12>1.26,C$8/$A12<1.51),0.04,IF(AND(C$8/$A12>1.5,C$8/$A12<1.76),0.05,IF(AND(C$8/$A12>1.75,C$8/$A12<2.01),0.06,IF(AND(C$8/$A12>2.01,C$8/$A12<2.26),0.07,IF(AND(C$8/$A12>2.25,C$8/$A12<2.51),0.08,IF(AND(C$8/$A12>2.5,C$8/$A12<2.76),0.09,IF(AND(C$8/$A12>2.75,C$8/$A12<3.01),0.1,IF(AND(C$8/$A12>3,C$8/$A12<3.26),0.11,IF(AND(C$8/$A12>3.25,C$8/$A12<3.51),0.12,IF(AND(C$8/$A12>3.5,C$8/$A12<3.76),0.13,IF(AND(C$8/$A12>3.75,C$8/$A12<4.01),0.14,IF(C$8/$A12>4,0.15))))))))))))))*(C$8-$A12)/12/4 -> 0 | D12: =IF(D$8/$A12<1.01,0,IF(AND(D$8/$A12>1,D$8/$A12<1.26),0.03,IF(AND(D$8/$A12>1.26,D$8/$A12<1.51),0.04,IF(AND(D$8/$A12>1.5,D$8/$A12<1.76),0.05,IF(AND(D$8/$A12>1.75,D$8/$A12<2.01),0.06,IF(AND(D$8/$A12>2.01,D$8/$A12<2.26),0.07,IF(AND(D$8/$A12>2.25,D$8/$A12<2.51),0.08,IF(AND(D$8/$A12>2.5,D$8/$A12<2.76),0.09,IF(AND(D$8/$A12>2.75,D$8/$A12<3.01),0.1,IF(AND(D$8/$A12>3,D$8/$A12<3.26),0.11,IF(AND(D$8/$A12>3.25,D$8/$A12<3.51),0.12,IF(AND(D$8/$A12>3.5,D$8/$A12<3.76),0.13,IF(AND(D$8/$A12>3.75,D$8/$A12<4.01),0.14,IF(D$8/$A12>4,0.15))))))))))))))*(D$8-$A12)/12/4 -> 0 | E12: =IF(E$8/$A12<1.01,0,IF(AND(E$8/$A12>1,E$8/$A12<1.26),0.03,IF(AND(E$8/$A12>1.26,E$8/$A12<1.51),0.04,IF(AND(E$8/$A12>1.5,E$8/$A12<1.76),0.05,IF(AND(E$8/$A12>1.75,E$8/$A12<2.01),0.06,IF(AND(E$8/$A12>2.01,E$8/$A12<2.26),0.07,IF(AND(E$8/$A12>2.25,E$8/$A12<2.51),0.08,IF(AND(E$8/$A12>2.5,E$8/$A12<2.76),0.09,IF(AND(E$8/$A12>2.75,E$8/$A12<3.01),0.1,IF(AND(E$8/$A12>3,E$8/$A12<3.26),0.11,IF(AND(E$8/$A12>3.25,E$8/$A12<3.51),0.12,IF(AND(E$8/$A12>3.5,E$8/$A12<3.76),0.13,IF(AND(E$8/$A12>3.75,E$8/$A12<4.01),0.14,IF(E$8/$A12>4,0.15))))))))))))))*(E$8-$A12)/12/4 -> 0 | F12: =IF(F$8/$A12<1.01,0,IF(AND(F$8/$A12>1,F$8/$A12<1.26),0.03,IF(AND(F$8/$A12>1.26,F$8/$A12<1.51),0.04,IF(AND(F$8/$A12>1.5,F$8/$A12<1.76),0.05,IF(AND(F$8/$A12>1.75,F$8/$A12<2.01),0.06,IF(AND(F$8/$A12>2.01,F$8/$A12<2.26),0.07,IF(AND(F$8/$A12>2.25,F$8/$A12<2.51),0.08,IF(AND(F$8/$A12>2.5,F$8/$A12<2.76),0.09,IF(AND(F$8/$A12>2.75,F$8/$A12<3.01),0.1,IF(AND(F$8/$A12>3,F$8/$A12<3.26),0.11,IF(AND(F$8/$A12>3.25,F$8/$A12<3.51),0.12,IF(AND(F$8/$A12>3.5,F$8/$A12<3.76),0.13,IF(AND(F$8/$A12>3.75,F$8/$A12<4.01),0.14,IF(F$8/$A12>4,0.15))))))))))))))*(F$8-$A12)/12/4 -> 12.590667 | G12: =IF(G$8/$A12<1.01,0,IF(AND(G$8/$A12>1,G$8/$A12<1.26),0.03,IF(AND(G$8/$A12>1.26,G$8/$A12<1.51),0.04,IF(AND(G$8/$A12>1.5,G$8/$A12<1.76),0.05,IF(AND(G$8/$A12>1.75,G$8/$A12<2.01),0.06,IF(AND(G$8/$A12>2.01,G$8/$A12<2.26),0.07,IF(AND(G$8/$A12>2.25,G$8/$A12<2.51),0.08,IF(AND(G$8/$A12>2.5,G$8/$A12<2.76),0.09,IF(AND(G$8/$A12>2.75,G$8/$A12<3.01),0.1,IF(AND(G$8/$A12>3,G$8/$A12<3.26),0.11,IF(AND(G$8/$A12>3.25,G$8/$A12<3.51),0.12,IF(AND(G$8/$A12>3.5,G$8/$A12<3.76),0.13,IF(AND(G$8/$A12>3.75,G$8/$A12<4.01),0.14,IF(G$8/$A12>4,0.15))))))))))))))*(G$8-$A12)/12/4 -> 23.6075 | H12: =IF(H$8/$A12<1.01,0,IF(AND(H$8/$A12>1,H$8/$A12<1.26),0.03,IF(AND(H$8/$A12>1.26,H$8/$A12<1.51),0.04,IF(AND(H$8/$A12>1.5,H$8/$A12<1.76),0.05,IF(AND(H$8/$A12>1.75,H$8/$A12<2.01),0.06,IF(AND(H$8/$A12>2.01,H$8/$A12<2.26),0.07,IF(AND(H$8/$A12>2.25,H$8/$A12<2.51),0.08,IF(AND(H$8/$A12>2.5,H$8/$A12<2.76),0.09,IF(AND(H$8/$A12>2.75,H$8/$A12<3.01),0.1,IF(AND(H$8/$A12>3,H$8/$A12<3.26),0.11,IF(AND(H$8/$A12>3.25,H$8/$A12<3.51),0.12,IF(AND(H$8/$A12>3.5,H$8/$A12<3.76),0.13,IF(AND(H$8/$A12>3.75,H$8/$A12<4.01),0.14,IF(H$8/$A12>4,0.15))))))))))))))*(H$8-$A12)/12/4 -> 37.772 | I12: =IF(I$8/$A12<1.01,0,IF(AND(I$8/$A12>1,I$8/$A12<1.26),0.03,IF(AND(I$8/$A12>1.26,I$8/$A12<1.51),0.04,IF(AND(I$8/$A12>1.5,I$8/$A12<1.76),0.05,IF(AND(I$8/$A12>1.75,I$8/$A12<2.01),0.06,IF(AND(I$8/$A12>2.01,I$8/$A12<2.26),0.07,IF(AND(I$8/$A12>2.25,I$8/$A12<2.51),0.08,IF(AND(I$8/$A12>2.5,I$8/$A12<2.76),0.09,IF(AND(I$8/$A12>2.75,I$8/$A12<3.01),0.1,IF(AND(I$8/$A12>3,I$8/$A12<3.26),0.11,IF(AND(I$8/$A12>3.25,I$8/$A12<3.51),0.12,IF(AND(I$8/$A12>3.5,I$8/$A12<3.76),0.13,IF(AND(I$8/$A12>3.75,I$8/$A12<4.01),0.14,IF(I$8/$A12>4,0.15))))))))))))))*(I$8-$A12)/12/4 -> 55.084167 | J12: =IF(J$8/$A12<1.01,0,IF(AND(J$8/$A12>1,J$8/$A12<1.26),0.03,IF(AND(J$8/$A12>1.26,J$8/$A12<1.51),0.04,IF(AND(J$8/$A12>1.5,J$8/$A12<1.76),0.05,IF(AND(J$8/$A12>1.75,J$8/$A12<2.01),0.06,IF(AND(J$8/$A12>2.01,J$8/$A12<2.26),0.07,IF(AND(J$8/$A12>2.25,J$8/$A12<2.51),0.08,IF(AND(J$8/$A12>2.5,J$8/$A12<2.76),0.09,IF(AND(J$8/$A12>2.75,J$8/$A12<3.01),0.1,IF(AND(J$8/$A12>3,J$8/$A12<3.26),0.11,IF(AND(J$8/$A12>3.25,J$8/$A12<3.51),0.12,IF(AND(J$8/$A12>3.5,J$8/$A12<3.76),0.13,IF(AND(J$8/$A12>3.75,J$8/$A12<4.01),0.14,IF(J$8/$A12>4,0.15))))))))))))))*(J$8-$A12)/12/4 -> 66.101 | ... O12: =IF(O$8/$A12<1.01,0,IF(AND(O$8/$A12>1,O$8/$A12<1.26),0.03,IF(AND(O$8/$A12>1.26,O$8/$A12<1.51),0.04,IF(AND(O$8/$A12>1.5,O$8/$A12<1.76),0.05,IF(AND(O$8/$A12>1.75,O$8/$A12<2.01),0.06,IF(AND(O$8/$A12>2.01,O$8/$A12<2.26),0.07,IF(AND(O$8/$A12>2.25,O$8/$A12<2.51),0.08,IF(AND(O$8/$A12>2.5,O$8/$A12<2.76),0.09,IF(AND(O$8/$A12>2.75,O$8/$A12<3.01),0.1,IF(AND(O$8/$A12>3,O$8/$A12<3.26),0.11,IF(AND(O$8/$A12>3.25,O$8/$A12<3.51),0.12,IF(AND(O$8/$A12>3.5,O$8/$A12<3.76),0.13,IF(AND(O$8/$A12>3.75,O$8/$A12<4.01),0.14,IF(O$8/$A12>4,0.15))))))))))))))*(O$8-$A12)/12/4 -> 207.746
A13: 43890 | B13: 4 | C13: =IF(C$8/$A13<1.01,0,IF(AND(C$8/$A13>1,C$8/$A13<1.26),0.03,IF(AND(C$8/$A13>1.26,C$8/$A13<1.51),0.04,IF(AND(C$8/$A13>1.5,C$8/$A13<1.76),0.05,IF(AND(C$8/$A13>1.75,C$8/$A13<2.01),0.06,IF(AND(C$8/$A13>2.01,C$8/$A13<2.26),0.07,IF(AND(C$8/$A13>2.25,C$8/$A13<2.51),0.08,IF(AND(C$8/$A13>2.5,C$8/$A13<2.76),0.09,IF(AND(C$8/$A13>2.75,C$8/$A13<3.01),0.1,IF(AND(C$8/$A13>3,C$8/$A13<3.26),0.11,IF(AND(C$8/$A13>3.25,C$8/$A13<3.51),0.12,IF(AND(C$8/$A13>3.5,C$8/$A13<3.76),0.13,IF(AND(C$8/$A13>3.75,C$8/$A13<4.01),0.14,IF(C$8/$A13>4,0.15))))))))))))))*(C$8-$A13)/12/4 -> 0 | D13: =IF(D$8/$A13<1.01,0,IF(AND(D$8/$A13>1,D$8/$A13<1.26),0.03,IF(AND(D$8/$A13>1.26,D$8/$A13<1.51),0.04,IF(AND(D$8/$A13>1.5,D$8/$A13<1.76),0.05,IF(AND(D$8/$A13>1.75,D$8/$A13<2.01),0.06,IF(AND(D$8/$A13>2.01,D$8/$A13<2.26),0.07,IF(AND(D$8/$A13>2.25,D$8/$A13<2.51),0.08,IF(AND(D$8/$A13>2.5,D$8/$A13<2.76),0.09,IF(AND(D$8/$A13>2.75,D$8/$A13<3.01),0.1,IF(AND(D$8/$A13>3,D$8/$A13<3.26),0.11,IF(AND(D$8/$A13>3.25,D$8/$A13<3.51),0.12,IF(AND(D$8/$A13>3.5,D$8/$A13<3.76),0.13,IF(AND(D$8/$A13>3.75,D$8/$A13<4.01),0.14,IF(D$8/$A13>4,0.15))))))))))))))*(D$8-$A13)/12/4 -> 0 | E13: =IF(E$8/$A13<1.01,0,IF(AND(E$8/$A13>1,E$8/$A13<1.26),0.03,IF(AND(E$8/$A13>1.26,E$8/$A13<1.51),0.04,IF(AND(E$8/$A13>1.5,E$8/$A13<1.76),0.05,IF(AND(E$8/$A13>1.75,E$8/$A13<2.01),0.06,IF(AND(E$8/$A13>2.01,E$8/$A13<2.26),0.07,IF(AND(E$8/$A13>2.25,E$8/$A13<2.51),0.08,IF(AND(E$8/$A13>2.5,E$8/$A13<2.76),0.09,IF(AND(E$8/$A13>2.75,E$8/$A13<3.01),0.1,IF(AND(E$8/$A13>3,E$8/$A13<3.26),0.11,IF(AND(E$8/$A13>3.25,E$8/$A13<3.51),0.12,IF(AND(E$8/$A13>3.5,E$8/$A13<3.76),0.13,IF(AND(E$8/$A13>3.75,E$8/$A13<4.01),0.14,IF(E$8/$A13>4,0.15))))))))))))))*(E$8-$A13)/12/4 -> 0 | F13: =IF(F$8/$A13<1.01,0,IF(AND(F$8/$A13>1,F$8/$A13<1.26),0.03,IF(AND(F$8/$A13>1.26,F$8/$A13<1.51),0.04,IF(AND(F$8/$A13>1.5,F$8/$A13<1.76),0.05,IF(AND(F$8/$A13>1.75,F$8/$A13<2.01),0.06,IF(AND(F$8/$A13>2.01,F$8/$A13<2.26),0.07,IF(AND(F$8/$A13>2.25,F$8/$A13<2.51),0.08,IF(AND(F$8/$A13>2.5,F$8/$A13<2.76),0.09,IF(AND(F$8/$A13>2.75,F$8/$A13<3.01),0.1,IF(AND(F$8/$A13>3,F$8/$A13<3.26),0.11,IF(AND(F$8/$A13>3.25,F$8/$A13<3.51),0.12,IF(AND(F$8/$A13>3.5,F$8/$A13<3.76),0.13,IF(AND(F$8/$A13>3.75,F$8/$A13<4.01),0.14,IF(F$8/$A13>4,0.15))))))))))))))*(F$8-$A13)/12/4 -> 4.7215 | G13: =IF(G$8/$A13<1.01,0,IF(AND(G$8/$A13>1,G$8/$A13<1.26),0.03,IF(AND(G$8/$A13>1.26,G$8/$A13<1.51),0.04,IF(AND(G$8/$A13>1.5,G$8/$A13<1.76),0.05,IF(AND(G$8/$A13>1.75,G$8/$A13<2.01),0.06,IF(AND(G$8/$A13>2.01,G$8/$A13<2.26),0.07,IF(AND(G$8/$A13>2.25,G$8/$A13<2.51),0.08,IF(AND(G$8/$A13>2.5,G$8/$A13<2.76),0.09,IF(AND(G$8/$A13>2.75,G$8/$A13<3.01),0.1,IF(AND(G$8/$A13>3,G$8/$A13<3.26),0.11,IF(AND(G$8/$A13>3.25,G$8/$A13<3.51),0.12,IF(AND(G$8/$A13>3.5,G$8/$A13<3.76),0.13,IF(AND(G$8/$A13>3.75,G$8/$A13<4.01),0.14,IF(G$8/$A13>4,0.15))))))))))))))*(G$8-$A13)/12/4 -> 12.590667 | H13: =IF(H$8/$A13<1.01,0,IF(AND(H$8/$A13>1,H$8/$A13<1.26),0.03,IF(AND(H$8/$A13>1.26,H$8/$A13<1.51),0.04,IF(AND(H$8/$A13>1.5,H$8/$A13<1.76),0.05,IF(AND(H$8/$A13>1.75,H$8/$A13<2.01),0.06,IF(AND(H$8/$A13>2.01,H$8/$A13<2.26),0.07,IF(AND(H$8/$A13>2.25,H$8/$A13<2.51),0.08,IF(AND(H$8/$A13>2.5,H$8/$A13<2.76),0.09,IF(AND(H$8/$A13>2.75,H$8/$A13<3.01),0.1,IF(AND(H$8/$A13>3,H$8/$A13<3.26),0.11,IF(AND(H$8/$A13>3.25,H$8/$A13<3.51),0.12,IF(AND(H$8/$A13>3.5,H$8/$A13<3.76),0.13,IF(AND(H$8/$A13>3.75,H$8/$A13<4.01),0.14,IF(H$8/$A13>4,0.15))))))))))))))*(H$8-$A13)/12/4 -> 23.6075 | I13: =IF(I$8/$A13<1.01,0,IF(AND(I$8/$A13>1,I$8/$A13<1.26),0.03,IF(AND(I$8/$A13>1.26,I$8/$A13<1.51),0.04,IF(AND(I$8/$A13>1.5,I$8/$A13<1.76),0.05,IF(AND(I$8/$A13>1.75,I$8/$A13<2.01),0.06,IF(AND(I$8/$A13>2.01,I$8/$A13<2.26),0.07,IF(AND(I$8/$A13>2.25,I$8/$A13<2.51),0.08,IF(AND(I$8/$A13>2.5,I$8/$A13<2.76),0.09,IF(AND(I$8/$A13>2.75,I$8/$A13<3.01),0.1,IF(AND(I$8/$A13>3,I$8/$A13<3.26),0.11,IF(AND(I$8/$A13>3.25,I$8/$A13<3.51),0.12,IF(AND(I$8/$A13>3.5,I$8/$A13<3.76),0.13,IF(AND(I$8/$A13>3.75,I$8/$A13<4.01),0.14,IF(I$8/$A13>4,0.15))))))))))))))*(I$8-$A13)/12/4 -> 31.476667 | J13: =IF(J$8/$A13<1.01,0,IF(AND(J$8/$A13>1,J$8/$A13<1.26),0.03,IF(AND(J$8/$A13>1.26,J$8/$A13<1.51),0.04,IF(AND(J$8/$A13>1.5,J$8/$A13<1.76),0.05,IF(AND(J$8/$A13>1.75,J$8/$A13<2.01),0.06,IF(AND(J$8/$A13>2.01,J$8/$A13<2.26),0.07,IF(AND(J$8/$A13>2.25,J$8/$A13<2.51),0.08,IF(AND(J$8/$A13>2.5,J$8/$A13<2.76),0.09,IF(AND(J$8/$A13>2.75,J$8/$A13<3.01),0.1,IF(AND(J$8/$A13>3,J$8/$A13<3.26),0.11,IF(AND(J$8/$A13>3.25,J$8/$A13<3.51),0.12,IF(AND(J$8/$A13>3.5,J$8/$A13<3.76),0.13,IF(AND(J$8/$A13>3.75,J$8/$A13<4.01),0.14,IF(J$8/$A13>4,0.15))))))))))))))*(J$8-$A13)/12/4 -> 47.215 | ... O13: =IF(O$8/$A13<1.01,0,IF(AND(O$8/$A13>1,O$8/$A13<1.26),0.03,IF(AND(O$8/$A13>1.26,O$8/$A13<1.51),0.04,IF(AND(O$8/$A13>1.5,O$8/$A13<1.76),0.05,IF(AND(O$8/$A13>1.75,O$8/$A13<2.01),0.06,IF(AND(O$8/$A13>2.01,O$8/$A13<2.26),0.07,IF(AND(O$8/$A13>2.25,O$8/$A13<2.51),0.08,IF(AND(O$8/$A13>2.5,O$8/$A13<2.76),0.09,IF(AND(O$8/$A13>2.75,O$8/$A13<3.01),0.1,IF(AND(O$8/$A13>3,O$8/$A13<3.26),0.11,IF(AND(O$8/$A13>3.25,O$8/$A13<3.51),0.12,IF(AND(O$8/$A13>3.5,O$8/$A13<3.76),0.13,IF(AND(O$8/$A13>3.75,O$8/$A13<4.01),0.14,IF(O$8/$A13>4,0.15))))))))))))))*(O$8-$A13)/12/4 -> 141.645
A14: 51444.4 | B14: 5 | C14: =IF(C$8/$A14<1.01,0,IF(AND(C$8/$A14>1,C$8/$A14<1.26),0.03,IF(AND(C$8/$A14>1.26,C$8/$A14<1.51),0.04,IF(AND(C$8/$A14>1.5,C$8/$A14<1.76),0.05,IF(AND(C$8/$A14>1.75,C$8/$A14<2.01),0.06,IF(AND(C$8/$A14>2.01,C$8/$A14<2.26),0.07,IF(AND(C$8/$A14>2.25,C$8/$A14<2.51),0.08,IF(AND(C$8/$A14>2.5,C$8/$A14<2.76),0.09,IF(AND(C$8/$A14>2.75,C$8/$A14<3.01),0.1,IF(AND(C$8/$A14>3,C$8/$A14<3.26),0.11,IF(AND(C$8/$A14>3.25,C$8/$A14<3.51),0.12,IF(AND(C$8/$A14>3.5,C$8/$A14<3.76),0.13,IF(AND(C$8/$A14>3.75,C$8/$A14<4.01),0.14,IF(C$8/$A14>4,0.15))))))))))))))*(C$8-$A14)/12/4 -> 0 | D14: =IF(D$8/$A14<1.01,0,IF(AND(D$8/$A14>1,D$8/$A14<1.26),0.03,IF(AND(D$8/$A14>1.26,D$8/$A14<1.51),0.04,IF(AND(D$8/$A14>1.5,D$8/$A14<1.76),0.05,IF(AND(D$8/$A14>1.75,D$8/$A14<2.01),0.06,IF(AND(D$8/$A14>2.01,D$8/$A14<2.26),0.07,IF(AND(D$8/$A14>2.25,D$8/$A14<2.51),0.08,IF(AND(D$8/$A14>2.5,D$8/$A14<2.76),0.09,IF(AND(D$8/$A14>2.75,D$8/$A14<3.01),0.1,IF(AND(D$8/$A14>3,D$8/$A14<3.26),0.11,IF(AND(D$8/$A14>3.25,D$8/$A14<3.51),0.12,IF(AND(D$8/$A14>3.5,D$8/$A14<3.76),0.13,IF(AND(D$8/$A14>3.75,D$8/$A14<4.01),0.14,IF(D$8/$A14>4,0.15))))))))))))))*(D$8-$A14)/12/4 -> 0 | E14: =IF(E$8/$A14<1.01,0,IF(AND(E$8/$A14>1,E$8/$A14<1.26),0.03,IF(AND(E$8/$A14>1.26,E$8/$A14<1.51),0.04,IF(AND(E$8/$A14>1.5,E$8/$A14<1.76),0.05,IF(AND(E$8/$A14>1.75,E$8/$A14<2.01),0.06,IF(AND(E$8/$A14>2.01,E$8/$A14<2.26),0.07,IF(AND(E$8/$A14>2.25,E$8/$A14<2.51),0.08,IF(AND(E$8/$A14>2.5,E$8/$A14<2.76),0.09,IF(AND(E$8/$A14>2.75,E$8/$A14<3.01),0.1,IF(AND(E$8/$A14>3,E$8/$A14<3.26),0.11,IF(AND(E$8/$A14>3.25,E$8/$A14<3.51),0.12,IF(AND(E$8/$A14>3.5,E$8/$A14<3.76),0.13,IF(AND(E$8/$A14>3.75,E$8/$A14<4.01),0.14,IF(E$8/$A14>4,0.15))))))))))))))*(E$8-$A14)/12/4 -> 0 | F14: =IF(F$8/$A14<1.01,0,IF(AND(F$8/$A14>1,F$8/$A14<1.26),0.03,IF(AND(F$8/$A14>1.26,F$8/$A14<1.51),0.04,IF(AND(F$8/$A14>1.5,F$8/$A14<1.76),0.05,IF(AND(F$8/$A14>1.75,F$8/$A14<2.01),0.06,IF(AND(F$8/$A14>2.01,F$8/$A14<2.26),0.07,IF(AND(F$8/$A14>2.25,F$8/$A14<2.51),0.08,IF(AND(F$8/$A14>2.5,F$8/$A14<2.76),0.09,IF(AND(F$8/$A14>2.75,F$8/$A14<3.01),0.1,IF(AND(F$8/$A14>3,F$8/$A14<3.26),0.11,IF(AND(F$8/$A14>3.25,F$8/$A14<3.51),0.12,IF(AND(F$8/$A14>3.5,F$8/$A14<3.76),0.13,IF(AND(F$8/$A14>3.75,F$8/$A14<4.01),0.14,IF(F$8/$A14>4,0.15))))))))))))))*(F$8-$A14)/12/4 -> 0 | G14: =IF(G$8/$A14<1.01,0,IF(AND(G$8/$A14>1,G$8/$A14<1.26),0.03,IF(AND(G$8/$A14>1.26,G$8/$A14<1.51),0.04,IF(AND(G$8/$A14>1.5,G$8/$A14<1.76),0.05,IF(AND(G$8/$A14>1.75,G$8/$A14<2.01),0.06,IF(AND(G$8/$A14>2.01,G$8/$A14<2.26),0.07,IF(AND(G$8/$A14>2.25,G$8/$A14<2.51),0.08,IF(AND(G$8/$A14>2.5,G$8/$A14<2.76),0.09,IF(AND(G$8/$A14>2.75,G$8/$A14<3.01),0.1,IF(AND(G$8/$A14>3,G$8/$A14<3.26),0.11,IF(AND(G$8/$A14>3.25,G$8/$A14<3.51),0.12,IF(AND(G$8/$A14>3.5,G$8/$A14<3.76),0.13,IF(AND(G$8/$A14>3.75,G$8/$A14<4.01),0.14,IF(G$8/$A14>4,0.15))))))))))))))*(G$8-$A14)/12/4 -> 4.7215 | H14: =IF(H$8/$A14<1.01,0,IF(AND(H$8/$A14>1,H$8/$A14<1.26),0.03,IF(AND(H$8/$A14>1.26,H$8/$A14<1.51),0.04,IF(AND(H$8/$A14>1.5,H$8/$A14<1.76),0.05,IF(AND(H$8/$A14>1.75,H$8/$A14<2.01),0.06,IF(AND(H$8/$A14>2.01,H$8/$A14<2.26),0.07,IF(AND(H$8/$A14>2.25,H$8/$A14<2.51),0.08,IF(AND(H$8/$A14>2.5,H$8/$A14<2.76),0.09,IF(AND(H$8/$A14>2.75,H$8/$A14<3.01),0.1,IF(AND(H$8/$A14>3,H$8/$A14<3.26),0.11,IF(AND(H$8/$A14>3.25,H$8/$A14<3.51),0.12,IF(AND(H$8/$A14>3.5,H$8/$A14<3.76),0.13,IF(AND(H$8/$A14>3.75,H$8/$A14<4.01),0.14,IF(H$8/$A14>4,0.15))))))))))))))*(H$8-$A14)/12/4 -> 12.590667 | I14: =IF(I$8/$A14<1.01,0,IF(AND(I$8/$A14>1,I$8/$A14<1.26),0.03,IF(AND(I$8/$A14>1.26,I$8/$A14<1.51),0.04,IF(AND(I$8/$A14>1.5,I$8/$A14<1.76),0.05,IF(AND(I$8/$A14>1.75,I$8/$A14<2.01),0.06,IF(AND(I$8/$A14>2.01,I$8/$A14<2.26),0.07,IF(AND(I$8/$A14>2.25,I$8/$A14<2.51),0.08,IF(AND(I$8/$A14>2.5,I$8/$A14<2.76),0.09,IF(AND(I$8/$A14>2.75,I$8/$A14<3.01),0.1,IF(AND(I$8/$A14>3,I$8/$A14<3.26),0.11,IF(AND(I$8/$A14>3.25,I$8/$A14<3.51),0.12,IF(AND(I$8/$A14>3.5,I$8/$A14<3.76),0.13,IF(AND(I$8/$A14>3.75,I$8/$A14<4.01),0.14,IF(I$8/$A14>4,0.15))))))))))))))*(I$8-$A14)/12/4 -> 18.886 | J14: =IF(J$8/$A14<1.01,0,IF(AND(J$8/$A14>1,J$8/$A14<1.26),0.03,IF(AND(J$8/$A14>1.26,J$8/$A14<1.51),0.04,IF(AND(J$8/$A14>1.5,J$8/$A14<1.76),0.05,IF(AND(J$8/$A14>1.75,J$8/$A14<2.01),0.06,IF(AND(J$8/$A14>2.01,J$8/$A14<2.26),0.07,IF(AND(J$8/$A14>2.25,J$8/$A14<2.51),0.08,IF(AND(J$8/$A14>2.5,J$8/$A14<2.76),0.09,IF(AND(J$8/$A14>2.75,J$8/$A14<3.01),0.1,IF(AND(J$8/$A14>3,J$8/$A14<3.26),0.11,IF(AND(J$8/$A14>3.25,J$8/$A14<3.51),0.12,IF(AND(J$8/$A14>3.5,J$8/$A14<3.76),0.13,IF(AND(J$8/$A14>3.75,J$8/$A14<4.01),0.14,IF(J$8/$A14>4,0.15))))))))))))))*(J$8-$A14)/12/4 -> 31.476667 | ... O14: =IF(O$8/$A14<1.01,0,IF(AND(O$8/$A14>1,O$8/$A14<1.26),0.03,IF(AND(O$8/$A14>1.26,O$8/$A14<1.51),0.04,IF(AND(O$8/$A14>1.5,O$8/$A14<1.76),0.05,IF(AND(O$8/$A14>1.75,O$8/$A14<2.01),0.06,IF(AND(O$8/$A14>2.01,O$8/$A14<2.26),0.07,IF(AND(O$8/$A14>2.25,O$8/$A14<2.51),0.08,IF(AND(O$8/$A14>2.5,O$8/$A14<2.76),0.09,IF(AND(O$8/$A14>2.75,O$8/$A14<3.01),0.1,IF(AND(O$8/$A14>3,O$8/$A14<3.26),0.11,IF(AND(O$8/$A14>3.25,O$8/$A14<3.51),0.12,IF(AND(O$8/$A14>3.5,O$8/$A14<3.76),0.13,IF(AND(O$8/$A14>3.75,O$8/$A14<4.01),0.14,IF(O$8/$A14>4,0.15))))))))))))))*(O$8-$A14)/12/4 -> 113.316
A15: 58998.8 | B15: 6 | C15: =IF(C$8/$A15<1.01,0,IF(AND(C$8/$A15>1,C$8/$A15<1.26),0.03,IF(AND(C$8/$A15>1.26,C$8/$A15<1.51),0.04,IF(AND(C$8/$A15>1.5,C$8/$A15<1.76),0.05,IF(AND(C$8/$A15>1.75,C$8/$A15<2.01),0.06,IF(AND(C$8/$A15>2.01,C$8/$A15<2.26),0.07,IF(AND(C$8/$A15>2.25,C$8/$A15<2.51),0.08,IF(AND(C$8/$A15>2.5,C$8/$A15<2.76),0.09,IF(AND(C$8/$A15>2.75,C$8/$A15<3.01),0.1,IF(AND(C$8/$A15>3,C$8/$A15<3.26),0.11,IF(AND(C$8/$A15>3.25,C$8/$A15<3.51),0.12,IF(AND(C$8/$A15>3.5,C$8/$A15<3.76),0.13,IF(AND(C$8/$A15>3.75,C$8/$A15<4.01),0.14,IF(C$8/$A15>4,0.15))))))))))))))*(C$8-$A15)/12/4 -> 0 | D15: =IF(D$8/$A15<1.01,0,IF(AND(D$8/$A15>1,D$8/$A15<1.26),0.03,IF(AND(D$8/$A15>1.26,D$8/$A15<1.51),0.04,IF(AND(D$8/$A15>1.5,D$8/$A15<1.76),0.05,IF(AND(D$8/$A15>1.75,D$8/$A15<2.01),0.06,IF(AND(D$8/$A15>2.01,D$8/$A15<2.26),0.07,IF(AND(D$8/$A15>2.25,D$8/$A15<2.51),0.08,IF(AND(D$8/$A15>2.5,D$8/$A15<2.76),0.09,IF(AND(D$8/$A15>2.75,D$8/$A15<3.01),0.1,IF(AND(D$8/$A15>3,D$8/$A15<3.26),0.11,IF(AND(D$8/$A15>3.25,D$8/$A15<3.51),0.12,IF(AND(D$8/$A15>3.5,D$8/$A15<3.76),0.13,IF(AND(D$8/$A15>3.75,D$8/$A15<4.01),0.14,IF(D$8/$A15>4,0.15))))))))))))))*(D$8-$A15)/12/4 -> 0 | E15: =IF(E$8/$A15<1.01,0,IF(AND(E$8/$A15>1,E$8/$A15<1.26),0.03,IF(AND(E$8/$A15>1.26,E$8/$A15<1.51),0.04,IF(AND(E$8/$A15>1.5,E$8/$A15<1.76),0.05,IF(AND(E$8/$A15>1.75,E$8/$A15<2.01),0.06,IF(AND(E$8/$A15>2.01,E$8/$A15<2.26),0.07,IF(AND(E$8/$A15>2.25,E$8/$A15<2.51),0.08,IF(AND(E$8/$A15>2.5,E$8/$A15<2.76),0.09,IF(AND(E$8/$A15>2.75,E$8/$A15<3.01),0.1,IF(AND(E$8/$A15>3,E$8/$A15<3.26),0.11,IF(AND(E$8/$A15>3.25,E$8/$A15<3.51),0.12,IF(AND(E$8/$A15>3.5,E$8/$A15<3.76),0.13,IF(AND(E$8/$A15>3.75,E$8/$A15<4.01),0.14,IF(E$8/$A15>4,0.15))))))))))))))*(E$8-$A15)/12/4 -> 0 | F15: =IF(F$8/$A15<1.01,0,IF(AND(F$8/$A15>1,F$8/$A15<1.26),0.03,IF(AND(F$8/$A15>1.26,F$8/$A15<1.51),0.04,IF(AND(F$8/$A15>1.5,F$8/$A15<1.76),0.05,IF(AND(F$8/$A15>1.75,F$8/$A15<2.01),0.06,IF(AND(F$8/$A15>2.01,F$8/$A15<2.26),0.07,IF(AND(F$8/$A15>2.25,F$8/$A15<2.51),0.08,IF(AND(F$8/$A15>2.5,F$8/$A15<2.76),0.09,IF(AND(F$8/$A15>2.75,F$8/$A15<3.01),0.1,IF(AND(F$8/$A15>3,F$8/$A15<3.26),0.11,IF(AND(F$8/$A15>3.25,F$8/$A15<3.51),0.12,IF(AND(F$8/$A15>3.5,F$8/$A15<3.76),0.13,IF(AND(F$8/$A15>3.75,F$8/$A15<4.01),0.14,IF(F$8/$A15>4,0.15))))))))))))))*(F$8-$A15)/12/4 -> 0 | G15: =IF(G$8/$A15<1.01,0,IF(AND(G$8/$A15>1,G$8/$A15<1.26),0.03,IF(AND(G$8/$A15>1.26,G$8/$A15<1.51),0.04,IF(AND(G$8/$A15>1.5,G$8/$A15<1.76),0.05,IF(AND(G$8/$A15>1.75,G$8/$A15<2.01),0.06,IF(AND(G$8/$A15>2.01,G$8/$A15<2.26),0.07,IF(AND(G$8/$A15>2.25,G$8/$A15<2.51),0.08,IF(AND(G$8/$A15>2.5,G$8/$A15<2.76),0.09,IF(AND(G$8/$A15>2.75,G$8/$A15<3.01),0.1,IF(AND(G$8/$A15>3,G$8/$A15<3.26),0.11,IF(AND(G$8/$A15>3.25,G$8/$A15<3.51),0.12,IF(AND(G$8/$A15>3.5,G$8/$A15<3.76),0.13,IF(AND(G$8/$A15>3.75,G$8/$A15<4.01),0.14,IF(G$8/$A15>4,0.15))))))))))))))*(G$8-$A15)/12/4 -> 0 | H15: =IF(H$8/$A15<1.01,0,IF(AND(H$8/$A15>1,H$8/$A15<1.26),0.03,IF(AND(H$8/$A15>1.26,H$8/$A15<1.51),0.04,IF(AND(H$8/$A15>1.5,H$8/$A15<1.76),0.05,IF(AND(H$8/$A15>1.75,H$8/$A15<2.01),0.06,IF(AND(H$8/$A15>2.01,H$8/$A15<2.26),0.07,IF(AND(H$8/$A15>2.25,H$8/$A15<2.51),0.08,IF(AND(H$8/$A15>2.5,H$8/$A15<2.76),0.09,IF(AND(H$8/$A15>2.75,H$8/$A15<3.01),0.1,IF(AND(H$8/$A15>3,H$8/$A15<3.26),0.11,IF(AND(H$8/$A15>3.25,H$8/$A15<3.51),0.12,IF(AND(H$8/$A15>3.5,H$8/$A15<3.76),0.13,IF(AND(H$8/$A15>3.75,H$8/$A15<4.01),0.14,IF(H$8/$A15>4,0.15))))))))))))))*(H$8-$A15)/12/4 -> 4.7215 | I15: =IF(I$8/$A15<1.01,0,IF(AND(I$8/$A15>1,I$8/$A15<1.26),0.03,IF(AND(I$8/$A15>1.26,I$8/$A15<1.51),0.04,IF(AND(I$8/$A15>1.5,I$8/$A15<1.76),0.05,IF(AND(I$8/$A15>1.75,I$8/$A15<2.01),0.06,IF(AND(I$8/$A15>2.01,I$8/$A15<2.26),0.07,IF(AND(I$8/$A15>2.25,I$8/$A15<2.51),0.08,IF(AND(I$8/$A15>2.5,I$8/$A15<2.76),0.09,IF(AND(I$8/$A15>2.75,I$8/$A15<3.01),0.1,IF(AND(I$8/$A15>3,I$8/$A15<3.26),0.11,IF(AND(I$8/$A15>3.25,I$8/$A15<3.51),0.12,IF(AND(I$8/$A15>3.5,I$8/$A15<3.76),0.13,IF(AND(I$8/$A15>3.75,I$8/$A15<4.01),0.14,IF(I$8/$A15>4,0.15))))))))))))))*(I$8-$A15)/12/4 -> 9.443 | J15: =IF(J$8/$A15<1.01,0,IF(AND(J$8/$A15>1,J$8/$A15<1.26),0.03,IF(AND(J$8/$A15>1.26,J$8/$A15<1.51),0.04,IF(AND(J$8/$A15>1.5,J$8/$A15<1.76),0.05,IF(AND(J$8/$A15>1.75,J$8/$A15<2.01),0.06,IF(AND(J$8/$A15>2.01,J$8/$A15<2.26),0.07,IF(AND(J$8/$A15>2.25,J$8/$A15<2.51),0.08,IF(AND(J$8/$A15>2.5,J$8/$A15<2.76),0.09,IF(AND(J$8/$A15>2.75,J$8/$A15<3.01),0.1,IF(AND(J$8/$A15>3,J$8/$A15<3.26),0.11,IF(AND(J$8/$A15>3.25,J$8/$A15<3.51),0.12,IF(AND(J$8/$A15>3.5,J$8/$A15<3.76),0.13,IF(AND(J$8/$A15>3.75,J$8/$A15<4.01),0.14,IF(J$8/$A15>4,0.15))))))))))))))*(J$8-$A15)/12/4 -> 18.886 | ... O15: =IF(O$8/$A15<1.01,0,IF(AND(O$8/$A15>1,O$8/$A15<1.26),0.03,IF(AND(O$8/$A15>1.26,O$8/$A15<1.51),0.04,IF(AND(O$8/$A15>1.5,O$8/$A15<1.76),0.05,IF(AND(O$8/$A15>1.75,O$8/$A15<2.01),0.06,IF(AND(O$8/$A15>2.01,O$8/$A15<2.26),0.07,IF(AND(O$8/$A15>2.25,O$8/$A15<2.51),0.08,IF(AND(O$8/$A15>2.5,O$8/$A15<2.76),0.09,IF(AND(O$8/$A15>2.75,O$8/$A15<3.01),0.1,IF(AND(O$8/$A15>3,O$8/$A15<3.26),0.11,IF(AND(O$8/$A15>3.25,O$8/$A15<3.51),0.12,IF(AND(O$8/$A15>3.5,O$8/$A15<3.76),0.13,IF(AND(O$8/$A15>3.75,O$8/$A15<4.01),0.14,IF(O$8/$A15>4,0.15))))))))))))))*(O$8-$A15)/12/4 -> 88.134667
A16: 66553.2 | B16: 7 | C16: =IF(C$8/$A16<1.01,0,IF(AND(C$8/$A16>1,C$8/$A16<1.26),0.03,IF(AND(C$8/$A16>1.26,C$8/$A16<1.51),0.04,IF(AND(C$8/$A16>1.5,C$8/$A16<1.76),0.05,IF(AND(C$8/$A16>1.75,C$8/$A16<2.01),0.06,IF(AND(C$8/$A16>2.01,C$8/$A16<2.26),0.07,IF(AND(C$8/$A16>2.25,C$8/$A16<2.51),0.08,IF(AND(C$8/$A16>2.5,C$8/$A16<2.76),0.09,IF(AND(C$8/$A16>2.75,C$8/$A16<3.01),0.1,IF(AND(C$8/$A16>3,C$8/$A16<3.26),0.11,IF(AND(C$8/$A16>3.25,C$8/$A16<3.51),0.12,IF(AND(C$8/$A16>3.5,C$8/$A16<3.76),0.13,IF(AND(C$8/$A16>3.75,C$8/$A16<4.01),0.14,IF(C$8/$A16>4,0.15))))))))))))))*(C$8-$A16)/12/4 -> 0 | D16: =IF(D$8/$A16<1.01,0,IF(AND(D$8/$A16>1,D$8/$A16<1.26),0.03,IF(AND(D$8/$A16>1.26,D$8/$A16<1.51),0.04,IF(AND(D$8/$A16>1.5,D$8/$A16<1.76),0.05,IF(AND(D$8/$A16>1.75,D$8/$A16<2.01),0.06,IF(AND(D$8/$A16>2.01,D$8/$A16<2.26),0.07,IF(AND(D$8/$A16>2.25,D$8/$A16<2.51),0.08,IF(AND(D$8/$A16>2.5,D$8/$A16<2.76),0.09,IF(AND(D$8/$A16>2.75,D$8/$A16<3.01),0.1,IF(AND(D$8/$A16>3,D$8/$A16<3.26),0.11,IF(AND(D$8/$A16>3.25,D$8/$A16<3.51),0.12,IF(AND(D$8/$A16>3.5,D$8/$A16<3.76),0.13,IF(AND(D$8/$A16>3.75,D$8/$A16<4.01),0.14,IF(D$8/$A16>4,0.15))))))))))))))*(D$8-$A16)/12/4 -> 0 | E16: =IF(E$8/$A16<1.01,0,IF(AND(E$8/$A16>1,E$8/$A16<1.26),0.03,IF(AND(E$8/$A16>1.26,E$8/$A16<1.51),0.04,IF(AND(E$8/$A16>1.5,E$8/$A16<1.76),0.05,IF(AND(E$8/$A16>1.75,E$8/$A16<2.01),0.06,IF(AND(E$8/$A16>2.01,E$8/$A16<2.26),0.07,IF(AND(E$8/$A16>2.25,E$8/$A16<2.51),0.08,IF(AND(E$8/$A16>2.5,E$8/$A16<2.76),0.09,IF(AND(E$8/$A16>2.75,E$8/$A16<3.01),0.1,IF(AND(E$8/$A16>3,E$8/$A16<3.26),0.11,IF(AND(E$8/$A16>3.25,E$8/$A16<3.51),0.12,IF(AND(E$8/$A16>3.5,E$8/$A16<3.76),0.13,IF(AND(E$8/$A16>3.75,E$8/$A16<4.01),0.14,IF(E$8/$A16>4,0.15))))))))))))))*(E$8-$A16)/12/4 -> 0 | F16: =IF(F$8/$A16<1.01,0,IF(AND(F$8/$A16>1,F$8/$A16<1.26),0.03,IF(AND(F$8/$A16>1.26,F$8/$A16<1.51),0.04,IF(AND(F$8/$A16>1.5,F$8/$A16<1.76),0.05,IF(AND(F$8/$A16>1.75,F$8/$A16<2.01),0.06,IF(AND(F$8/$A16>2.01,F$8/$A16<2.26),0.07,IF(AND(F$8/$A16>2.25,F$8/$A16<2.51),0.08,IF(AND(F$8/$A16>2.5,F$8/$A16<2.76),0.09,IF(AND(F$8/$A16>2.75,F$8/$A16<3.01),0.1,IF(AND(F$8/$A16>3,F$8/$A16<3.26),0.11,IF(AND(F$8/$A16>3.25,F$8/$A16<3.51),0.12,IF(AND(F$8/$A16>3.5,F$8/$A16<3.76),0.13,IF(AND(F$8/$A16>3.75,F$8/$A16<4.01),0.14,IF(F$8/$A16>4,0.15))))))))))))))*(F$8-$A16)/12/4 -> 0 | G16: =IF(G$8/$A16<1.01,0,IF(AND(G$8/$A16>1,G$8/$A16<1.26),0.03,IF(AND(G$8/$A16>1.26,G$8/$A16<1.51),0.04,IF(AND(G$8/$A16>1.5,G$8/$A16<1.76),0.05,IF(AND(G$8/$A16>1.75,G$8/$A16<2.01),0.06,IF(AND(G$8/$A16>2.01,G$8/$A16<2.26),0.07,IF(AND(G$8/$A16>2.25,G$8/$A16<2.51),0.08,IF(AND(G$8/$A16>2.5,G$8/$A16<2.76),0.09,IF(AND(G$8/$A16>2.75,G$8/$A16<3.01),0.1,IF(AND(G$8/$A16>3,G$8/$A16<3.26),0.11,IF(AND(G$8/$A16>3.25,G$8/$A16<3.51),0.12,IF(AND(G$8/$A16>3.5,G$8/$A16<3.76),0.13,IF(AND(G$8/$A16>3.75,G$8/$A16<4.01),0.14,IF(G$8/$A16>4,0.15))))))))))))))*(G$8-$A16)/12/4 -> 0 | H16: =IF(H$8/$A16<1.01,0,IF(AND(H$8/$A16>1,H$8/$A16<1.26),0.03,IF(AND(H$8/$A16>1.26,H$8/$A16<1.51),0.04,IF(AND(H$8/$A16>1.5,H$8/$A16<1.76),0.05,IF(AND(H$8/$A16>1.75,H$8/$A16<2.01),0.06,IF(AND(H$8/$A16>2.01,H$8/$A16<2.26),0.07,IF(AND(H$8/$A16>2.25,H$8/$A16<2.51),0.08,IF(AND(H$8/$A16>2.5,H$8/$A16<2.76),0.09,IF(AND(H$8/$A16>2.75,H$8/$A16<3.01),0.1,IF(AND(H$8/$A16>3,H$8/$A16<3.26),0.11,IF(AND(H$8/$A16>3.25,H$8/$A16<3.51),0.12,IF(AND(H$8/$A16>3.5,H$8/$A16<3.76),0.13,IF(AND(H$8/$A16>3.75,H$8/$A16<4.01),0.14,IF(H$8/$A16>4,0.15))))))))))))))*(H$8-$A16)/12/4 -> 0 | I16: =IF(I$8/$A16<1.01,0,IF(AND(I$8/$A16>1,I$8/$A16<1.26),0.03,IF(AND(I$8/$A16>1.26,I$8/$A16<1.51),0.04,IF(AND(I$8/$A16>1.5,I$8/$A16<1.76),0.05,IF(AND(I$8/$A16>1.75,I$8/$A16<2.01),0.06,IF(AND(I$8/$A16>2.01,I$8/$A16<2.26),0.07,IF(AND(I$8/$A16>2.25,I$8/$A16<2.51),0.08,IF(AND(I$8/$A16>2.5,I$8/$A16<2.76),0.09,IF(AND(I$8/$A16>2.75,I$8/$A16<3.01),0.1,IF(AND(I$8/$A16>3,I$8/$A16<3.26),0.11,IF(AND(I$8/$A16>3.25,I$8/$A16<3.51),0.12,IF(AND(I$8/$A16>3.5,I$8/$A16<3.76),0.13,IF(AND(I$8/$A16>3.75,I$8/$A16<4.01),0.14,IF(I$8/$A16>4,0.15))))))))))))))*(I$8-$A16)/12/4 -> 4.7215 | J16: =IF(J$8/$A16<1.01,0,IF(AND(J$8/$A16>1,J$8/$A16<1.26),0.03,IF(AND(J$8/$A16>1.26,J$8/$A16<1.51),0.04,IF(AND(J$8/$A16>1.5,J$8/$A16<1.76),0.05,IF(AND(J$8/$A16>1.75,J$8/$A16<2.01),0.06,IF(AND(J$8/$A16>2.01,J$8/$A16<2.26),0.07,IF(AND(J$8/$A16>2.25,J$8/$A16<2.51),0.08,IF(AND(J$8/$A16>2.5,J$8/$A16<2.76),0.09,IF(AND(J$8/$A16>2.75,J$8/$A16<3.01),0.1,IF(AND(J$8/$A16>3,J$8/$A16<3.26),0.11,IF(AND(J$8/$A16>3.25,J$8/$A16<3.51),0.12,IF(AND(J$8/$A16>3.5,J$8/$A16<3.76),0.13,IF(AND(J$8/$A16>3.75,J$8/$A16<4.01),0.14,IF(J$8/$A16>4,0.15))))))))))))))*(J$8-$A16)/12/4 -> 9.443 | ... O16: =IF(O$8/$A16<1.01,0,IF(AND(O$8/$A16>1,O$8/$A16<1.26),0.03,IF(AND(O$8/$A16>1.26,O$8/$A16<1.51),0.04,IF(AND(O$8/$A16>1.5,O$8/$A16<1.76),0.05,IF(AND(O$8/$A16>1.75,O$8/$A16<2.01),0.06,IF(AND(O$8/$A16>2.01,O$8/$A16<2.26),0.07,IF(AND(O$8/$A16>2.25,O$8/$A16<2.51),0.08,IF(AND(O$8/$A16>2.5,O$8/$A16<2.76),0.09,IF(AND(O$8/$A16>2.75,O$8/$A16<3.01),0.1,IF(AND(O$8/$A16>3,O$8/$A16<3.26),0.11,IF(AND(O$8/$A16>3.25,O$8/$A16<3.51),0.12,IF(AND(O$8/$A16>3.5,O$8/$A16<3.76),0.13,IF(AND(O$8/$A16>3.75,O$8/$A16<4.01),0.14,IF(O$8/$A16>4,0.15))))))))))))))*(O$8-$A16)/12/4 -> 66.101
A17: 74107.6 | B17: 8 | C17: =IF(C$8/$A17<1.01,0,IF(AND(C$8/$A17>1,C$8/$A17<1.26),0.03,IF(AND(C$8/$A17>1.26,C$8/$A17<1.51),0.04,IF(AND(C$8/$A17>1.5,C$8/$A17<1.76),0.05,IF(AND(C$8/$A17>1.75,C$8/$A17<2.01),0.06,IF(AND(C$8/$A17>2.01,C$8/$A17<2.26),0.07,IF(AND(C$8/$A17>2.25,C$8/$A17<2.51),0.08,IF(AND(C$8/$A17>2.5,C$8/$A17<2.76),0.09,IF(AND(C$8/$A17>2.75,C$8/$A17<3.01),0.1,IF(AND(C$8/$A17>3,C$8/$A17<3.26),0.11,IF(AND(C$8/$A17>3.25,C$8/$A17<3.51),0.12,IF(AND(C$8/$A17>3.5,C$8/$A17<3.76),0.13,IF(AND(C$8/$A17>3.75,C$8/$A17<4.01),0.14,IF(C$8/$A17>4,0.15))))))))))))))*(C$8-$A17)/12/4 -> 0 | D17: =IF(D$8/$A17<1.01,0,IF(AND(D$8/$A17>1,D$8/$A17<1.26),0.03,IF(AND(D$8/$A17>1.26,D$8/$A17<1.51),0.04,IF(AND(D$8/$A17>1.5,D$8/$A17<1.76),0.05,IF(AND(D$8/$A17>1.75,D$8/$A17<2.01),0.06,IF(AND(D$8/$A17>2.01,D$8/$A17<2.26),0.07,IF(AND(D$8/$A17>2.25,D$8/$A17<2.51),0.08,IF(AND(D$8/$A17>2.5,D$8/$A17<2.76),0.09,IF(AND(D$8/$A17>2.75,D$8/$A17<3.01),0.1,IF(AND(D$8/$A17>3,D$8/$A17<3.26),0.11,IF(AND(D$8/$A17>3.25,D$8/$A17<3.51),0.12,IF(AND(D$8/$A17>3.5,D$8/$A17<3.76),0.13,IF(AND(D$8/$A17>3.75,D$8/$A17<4.01),0.14,IF(D$8/$A17>4,0.15))))))))))))))*(D$8-$A17)/12/4 -> 0 | E17: =IF(E$8/$A17<1.01,0,IF(AND(E$8/$A17>1,E$8/$A17<1.26),0.03,IF(AND(E$8/$A17>1.26,E$8/$A17<1.51),0.04,IF(AND(E$8/$A17>1.5,E$8/$A17<1.76),0.05,IF(AND(E$8/$A17>1.75,E$8/$A17<2.01),0.06,IF(AND(E$8/$A17>2.01,E$8/$A17<2.26),0.07,IF(AND(E$8/$A17>2.25,E$8/$A17<2.51),0.08,IF(AND(E$8/$A17>2.5,E$8/$A17<2.76),0.09,IF(AND(E$8/$A17>2.75,E$8/$A17<3.01),0.1,IF(AND(E$8/$A17>3,E$8/$A17<3.26),0.11,IF(AND(E$8/$A17>3.25,E$8/$A17<3.51),0.12,IF(AND(E$8/$A17>3.5,E$8/$A17<3.76),0.13,IF(AND(E$8/$A17>3.75,E$8/$A17<4.01),0.14,IF(E$8/$A17>4,0.15))))))))))))))*(E$8-$A17)/12/4 -> 0 | F17: =IF(F$8/$A17<1.01,0,IF(AND(F$8/$A17>1,F$8/$A17<1.26),0.03,IF(AND(F$8/$A17>1.26,F$8/$A17<1.51),0.04,IF(AND(F$8/$A17>1.5,F$8/$A17<1.76),0.05,IF(AND(F$8/$A17>1.75,F$8/$A17<2.01),0.06,IF(AND(F$8/$A17>2.01,F$8/$A17<2.26),0.07,IF(AND(F$8/$A17>2.25,F$8/$A17<2.51),0.08,IF(AND(F$8/$A17>2.5,F$8/$A17<2.76),0.09,IF(AND(F$8/$A17>2.75,F$8/$A17<3.01),0.1,IF(AND(F$8/$A17>3,F$8/$A17<3.26),0.11,IF(AND(F$8/$A17>3.25,F$8/$A17<3.51),0.12,IF(AND(F$8/$A17>3.5,F$8/$A17<3.76),0.13,IF(AND(F$8/$A17>3.75,F$8/$A17<4.01),0.14,IF(F$8/$A17>4,0.15))))))))))))))*(F$8-$A17)/12/4 -> 0 | G17: =IF(G$8/$A17<1.01,0,IF(AND(G$8/$A17>1,G$8/$A17<1.26),0.03,IF(AND(G$8/$A17>1.26,G$8/$A17<1.51),0.04,IF(AND(G$8/$A17>1.5,G$8/$A17<1.76),0.05,IF(AND(G$8/$A17>1.75,G$8/$A17<2.01),0.06,IF(AND(G$8/$A17>2.01,G$8/$A17<2.26),0.07,IF(AND(G$8/$A17>2.25,G$8/$A17<2.51),0.08,IF(AND(G$8/$A17>2.5,G$8/$A17<2.76),0.09,IF(AND(G$8/$A17>2.75,G$8/$A17<3.01),0.1,IF(AND(G$8/$A17>3,G$8/$A17<3.26),0.11,IF(AND(G$8/$A17>3.25,G$8/$A17<3.51),0.12,IF(AND(G$8/$A17>3.5,G$8/$A17<3.76),0.13,IF(AND(G$8/$A17>3.75,G$8/$A17<4.01),0.14,IF(G$8/$A17>4,0.15))))))))))))))*(G$8-$A17)/12/4 -> 0 | H17: =IF(H$8/$A17<1.01,0,IF(AND(H$8/$A17>1,H$8/$A17<1.26),0.03,IF(AND(H$8/$A17>1.26,H$8/$A17<1.51),0.04,IF(AND(H$8/$A17>1.5,H$8/$A17<1.76),0.05,IF(AND(H$8/$A17>1.75,H$8/$A17<2.01),0.06,IF(AND(H$8/$A17>2.01,H$8/$A17<2.26),0.07,IF(AND(H$8/$A17>2.25,H$8/$A17<2.51),0.08,IF(AND(H$8/$A17>2.5,H$8/$A17<2.76),0.09,IF(AND(H$8/$A17>2.75,H$8/$A17<3.01),0.1,IF(AND(H$8/$A17>3,H$8/$A17<3.26),0.11,IF(AND(H$8/$A17>3.25,H$8/$A17<3.51),0.12,IF(AND(H$8/$A17>3.5,H$8/$A17<3.76),0.13,IF(AND(H$8/$A17>3.75,H$8/$A17<4.01),0.14,IF(H$8/$A17>4,0.15))))))))))))))*(H$8-$A17)/12/4 -> 0 | I17: =IF(I$8/$A17<1.01,0,IF(AND(I$8/$A17>1,I$8/$A17<1.26),0.03,IF(AND(I$8/$A17>1.26,I$8/$A17<1.51),0.04,IF(AND(I$8/$A17>1.5,I$8/$A17<1.76),0.05,IF(AND(I$8/$A17>1.75,I$8/$A17<2.01),0.06,IF(AND(I$8/$A17>2.01,I$8/$A17<2.26),0.07,IF(AND(I$8/$A17>2.25,I$8/$A17<2.51),0.08,IF(AND(I$8/$A17>2.5,I$8/$A17<2.76),0.09,IF(AND(I$8/$A17>2.75,I$8/$A17<3.01),0.1,IF(AND(I$8/$A17>3,I$8/$A17<3.26),0.11,IF(AND(I$8/$A17>3.25,I$8/$A17<3.51),0.12,IF(AND(I$8/$A17>3.5,I$8/$A17<3.76),0.13,IF(AND(I$8/$A17>3.75,I$8/$A17<4.01),0.14,IF(I$8/$A17>4,0.15))))))))))))))*(I$8-$A17)/12/4 -> 0 | J17: =IF(J$8/$A17<1.01,0,IF(AND(J$8/$A17>1,J$8/$A17<1.26),0.03,IF(AND(J$8/$A17>1.26,J$8/$A17<1.51),0.04,IF(AND(J$8/$A17>1.5,J$8/$A17<1.76),0.05,IF(AND(J$8/$A17>1.75,J$8/$A17<2.01),0.06,IF(AND(J$8/$A17>2.01,J$8/$A17<2.26),0.07,IF(AND(J$8/$A17>2.25,J$8/$A17<2.51),0.08,IF(AND(J$8/$A17>2.5,J$8/$A17<2.76),0.09,IF(AND(J$8/$A17>2.75,J$8/$A17<3.01),0.1,IF(AND(J$8/$A17>3,J$8/$A17<3.26),0.11,IF(AND(J$8/$A17>3.25,J$8/$A17<3.51),0.12,IF(AND(J$8/$A17>3.5,J$8/$A17<3.76),0.13,IF(AND(J$8/$A17>3.75,J$8/$A17<4.01),0.14,IF(J$8/$A17>4,0.15))))))))))))))*(J$8-$A17)/12/4 -> 4.7215 | ... O17: =IF(O$8/$A17<1.01,0,IF(AND(O$8/$A17>1,O$8/$A17<1.26),0.03,IF(AND(O$8/$A17>1.26,O$8/$A17<1.51),0.04,IF(AND(O$8/$A17>1.5,O$8/$A17<1.76),0.05,IF(AND(O$8/$A17>1.75,O$8/$A17<2.01),0.06,IF(AND(O$8/$A17>2.01,O$8/$A17<2.26),0.07,IF(AND(O$8/$A17>2.25,O$8/$A17<2.51),0.08,IF(AND(O$8/$A17>2.5,O$8/$A17<2.76),0.09,IF(AND(O$8/$A17>2.75,O$8/$A17<3.01),0.1,IF(AND(O$8/$A17>3,O$8/$A17<3.26),0.11,IF(AND(O$8/$A17>3.25,O$8/$A17<3.51),0.12,IF(AND(O$8/$A17>3.5,O$8/$A17<3.76),0.13,IF(AND(O$8/$A17>3.75,O$8/$A17<4.01),0.14,IF(O$8/$A17>4,0.15))))))))))))))*(O$8-$A17)/12/4 -> 47.215
A18: 81662 | B18: 9 | C18: =IF(C$8/$A18<1.01,0,IF(AND(C$8/$A18>1,C$8/$A18<1.26),0.03,IF(AND(C$8/$A18>1.26,C$8/$A18<1.51),0.04,IF(AND(C$8/$A18>1.5,C$8/$A18<1.76),0.05,IF(AND(C$8/$A18>1.75,C$8/$A18<2.01),0.06,IF(AND(C$8/$A18>2.01,C$8/$A18<2.26),0.07,IF(AND(C$8/$A18>2.25,C$8/$A18<2.51),0.08,IF(AND(C$8/$A18>2.5,C$8/$A18<2.76),0.09,IF(AND(C$8/$A18>2.75,C$8/$A18<3.01),0.1,IF(AND(C$8/$A18>3,C$8/$A18<3.26),0.11,IF(AND(C$8/$A18>3.25,C$8/$A18<3.51),0.12,IF(AND(C$8/$A18>3.5,C$8/$A18<3.76),0.13,IF(AND(C$8/$A18>3.75,C$8/$A18<4.01),0.14,IF(C$8/$A18>4,0.15))))))))))))))*(C$8-$A18)/12/4 -> 0 | D18: =IF(D$8/$A18<1.01,0,IF(AND(D$8/$A18>1,D$8/$A18<1.26),0.03,IF(AND(D$8/$A18>1.26,D$8/$A18<1.51),0.04,IF(AND(D$8/$A18>1.5,D$8/$A18<1.76),0.05,IF(AND(D$8/$A18>1.75,D$8/$A18<2.01),0.06,IF(AND(D$8/$A18>2.01,D$8/$A18<2.26),0.07,IF(AND(D$8/$A18>2.25,D$8/$A18<2.51),0.08,IF(AND(D$8/$A18>2.5,D$8/$A18<2.76),0.09,IF(AND(D$8/$A18>2.75,D$8/$A18<3.01),0.1,IF(AND(D$8/$A18>3,D$8/$A18<3.26),0.11,IF(AND(D$8/$A18>3.25,D$8/$A18<3.51),0.12,IF(AND(D$8/$A18>3.5,D$8/$A18<3.76),0.13,IF(AND(D$8/$A18>3.75,D$8/$A18<4.01),0.14,IF(D$8/$A18>4,0.15))))))))))))))*(D$8-$A18)/12/4 -> 0 | E18: =IF(E$8/$A18<1.01,0,IF(AND(E$8/$A18>1,E$8/$A18<1.26),0.03,IF(AND(E$8/$A18>1.26,E$8/$A18<1.51),0.04,IF(AND(E$8/$A18>1.5,E$8/$A18<1.76),0.05,IF(AND(E$8/$A18>1.75,E$8/$A18<2.01),0.06,IF(AND(E$8/$A18>2.01,E$8/$A18<2.26),0.07,IF(AND(E$8/$A18>2.25,E$8/$A18<2.51),0.08,IF(AND(E$8/$A18>2.5,E$8/$A18<2.76),0.09,IF(AND(E$8/$A18>2.75,E$8/$A18<3.01),0.1,IF(AND(E$8/$A18>3,E$8/$A18<3.26),0.11,IF(AND(E$8/$A18>3.25,E$8/$A18<3.51),0.12,IF(AND(E$8/$A18>3.5,E$8/$A18<3.76),0.13,IF(AND(E$8/$A18>3.75,E$8/$A18<4.01),0.14,IF(E$8/$A18>4,0.15))))))))))))))*(E$8-$A18)/12/4 -> 0 | F18: =IF(F$8/$A18<1.01,0,IF(AND(F$8/$A18>1,F$8/$A18<1.26),0.03,IF(AND(F$8/$A18>1.26,F$8/$A18<1.51),0.04,IF(AND(F$8/$A18>1.5,F$8/$A18<1.76),0.05,IF(AND(F$8/$A18>1.75,F$8/$A18<2.01),0.06,IF(AND(F$8/$A18>2.01,F$8/$A18<2.26),0.07,IF(AND(F$8/$A18>2.25,F$8/$A18<2.51),0.08,IF(AND(F$8/$A18>2.5,F$8/$A18<2.76),0.09,IF(AND(F$8/$A18>2.75,F$8/$A18<3.01),0.1,IF(AND(F$8/$A18>3,F$8/$A18<3.26),0.11,IF(AND(F$8/$A18>3.25,F$8/$A18<3.51),0.12,IF(AND(F$8/$A18>3.5,F$8/$A18<3.76),0.13,IF(AND(F$8/$A18>3.75,F$8/$A18<4.01),0.14,IF(F$8/$A18>4,0.15))))))))))))))*(F$8-$A18)/12/4 -> 0 | G18: =IF(G$8/$A18<1.01,0,IF(AND(G$8/$A18>1,G$8/$A18<1.26),0.03,IF(AND(G$8/$A18>1.26,G$8/$A18<1.51),0.04,IF(AND(G$8/$A18>1.5,G$8/$A18<1.76),0.05,IF(AND(G$8/$A18>1.75,G$8/$A18<2.01),0.06,IF(AND(G$8/$A18>2.01,G$8/$A18<2.26),0.07,IF(AND(G$8/$A18>2.25,G$8/$A18<2.51),0.08,IF(AND(G$8/$A18>2.5,G$8/$A18<2.76),0.09,IF(AND(G$8/$A18>2.75,G$8/$A18<3.01),0.1,IF(AND(G$8/$A18>3,G$8/$A18<3.26),0.11,IF(AND(G$8/$A18>3.25,G$8/$A18<3.51),0.12,IF(AND(G$8/$A18>3.5,G$8/$A18<3.76),0.13,IF(AND(G$8/$A18>3.75,G$8/$A18<4.01),0.14,IF(G$8/$A18>4,0.15))))))))))))))*(G$8-$A18)/12/4 -> 0 | H18: =IF(H$8/$A18<1.01,0,IF(AND(H$8/$A18>1,H$8/$A18<1.26),0.03,IF(AND(H$8/$A18>1.26,H$8/$A18<1.51),0.04,IF(AND(H$8/$A18>1.5,H$8/$A18<1.76),0.05,IF(AND(H$8/$A18>1.75,H$8/$A18<2.01),0.06,IF(AND(H$8/$A18>2.01,H$8/$A18<2.26),0.07,IF(AND(H$8/$A18>2.25,H$8/$A18<2.51),0.08,IF(AND(H$8/$A18>2.5,H$8/$A18<2.76),0.09,IF(AND(H$8/$A18>2.75,H$8/$A18<3.01),0.1,IF(AND(H$8/$A18>3,H$8/$A18<3.26),0.11,IF(AND(H$8/$A18>3.25,H$8/$A18<3.51),0.12,IF(AND(H$8/$A18>3.5,H$8/$A18<3.76),0.13,IF(AND(H$8/$A18>3.75,H$8/$A18<4.01),0.14,IF(H$8/$A18>4,0.15))))))))))))))*(H$8-$A18)/12/4 -> 0 | I18: =IF(I$8/$A18<1.01,0,IF(AND(I$8/$A18>1,I$8/$A18<1.26),0.03,IF(AND(I$8/$A18>1.26,I$8/$A18<1.51),0.04,IF(AND(I$8/$A18>1.5,I$8/$A18<1.76),0.05,IF(AND(I$8/$A18>1.75,I$8/$A18<2.01),0.06,IF(AND(I$8/$A18>2.01,I$8/$A18<2.26),0.07,IF(AND(I$8/$A18>2.25,I$8/$A18<2.51),0.08,IF(AND(I$8/$A18>2.5,I$8/$A18<2.76),0.09,IF(AND(I$8/$A18>2.75,I$8/$A18<3.01),0.1,IF(AND(I$8/$A18>3,I$8/$A18<3.26),0.11,IF(AND(I$8/$A18>3.25,I$8/$A18<3.51),0.12,IF(AND(I$8/$A18>3.5,I$8/$A18<3.76),0.13,IF(AND(I$8/$A18>3.75,I$8/$A18<4.01),0.14,IF(I$8/$A18>4,0.15))))))))))))))*(I$8-$A18)/12/4 -> 0 | J18: =IF(J$8/$A18<1.01,0,IF(AND(J$8/$A18>1,J$8/$A18<1.26),0.03,IF(AND(J$8/$A18>1.26,J$8/$A18<1.51),0.04,IF(AND(J$8/$A18>1.5,J$8/$A18<1.76),0.05,IF(AND(J$8/$A18>1.75,J$8/$A18<2.01),0.06,IF(AND(J$8/$A18>2.01,J$8/$A18<2.26),0.07,IF(AND(J$8/$A18>2.25,J$8/$A18<2.51),0.08,IF(AND(J$8/$A18>2.5,J$8/$A18<2.76),0.09,IF(AND(J$8/$A18>2.75,J$8/$A18<3.01),0.1,IF(AND(J$8/$A18>3,J$8/$A18<3.26),0.11,IF(AND(J$8/$A18>3.25,J$8/$A18<3.51),0.12,IF(AND(J$8/$A18>3.5,J$8/$A18<3.76),0.13,IF(AND(J$8/$A18>3.75,J$8/$A18<4.01),0.14,IF(J$8/$A18>4,0.15))))))))))))))*(J$8-$A18)/12/4 -> 0 | ... O18: =IF(O$8/$A18<1.01,0,IF(AND(O$8/$A18>1,O$8/$A18<1.26),0.03,IF(AND(O$8/$A18>1.26,O$8/$A18<1.51),0.04,IF(AND(O$8/$A18>1.5,O$8/$A18<1.76),0.05,IF(AND(O$8/$A18>1.75,O$8/$A18<2.01),0.06,IF(AND(O$8/$A18>2.01,O$8/$A18<2.26),0.07,IF(AND(O$8/$A18>2.25,O$8/$A18<2.51),0.08,IF(AND(O$8/$A18>2.5,O$8/$A18<2.76),0.09,IF(AND(O$8/$A18>2.75,O$8/$A18<3.01),0.1,IF(AND(O$8/$A18>3,O$8/$A18<3.26),0.11,IF(AND(O$8/$A18>3.25,O$8/$A18<3.51),0.12,IF(AND(O$8/$A18>3.5,O$8/$A18<3.76),0.13,IF(AND(O$8/$A18>3.75,O$8/$A18<4.01),0.14,IF(O$8/$A18>4,0.15))))))))))))))*(O$8-$A18)/12/4 -> 31.476667
A19: 89216.4 | B19: 10 | C19: =IF(C$8/$A19<1.01,0,IF(AND(C$8/$A19>1,C$8/$A19<1.26),0.03,IF(AND(C$8/$A19>1.26,C$8/$A19<1.51),0.04,IF(AND(C$8/$A19>1.5,C$8/$A19<1.76),0.05,IF(AND(C$8/$A19>1.75,C$8/$A19<2.01),0.06,IF(AND(C$8/$A19>2.01,C$8/$A19<2.26),0.07,IF(AND(C$8/$A19>2.25,C$8/$A19<2.51),0.08,IF(AND(C$8/$A19>2.5,C$8/$A19<2.76),0.09,IF(AND(C$8/$A19>2.75,C$8/$A19<3.01),0.1,IF(AND(C$8/$A19>3,C$8/$A19<3.26),0.11,IF(AND(C$8/$A19>3.25,C$8/$A19<3.51),0.12,IF(AND(C$8/$A19>3.5,C$8/$A19<3.76),0.13,IF(AND(C$8/$A19>3.75,C$8/$A19<4.01),0.14,IF(C$8/$A19>4,0.15))))))))))))))*(C$8-$A19)/12/4 -> 0 | D19: =IF(D$8/$A19<1.01,0,IF(AND(D$8/$A19>1,D$8/$A19<1.26),0.03,IF(AND(D$8/$A19>1.26,D$8/$A19<1.51),0.04,IF(AND(D$8/$A19>1.5,D$8/$A19<1.76),0.05,IF(AND(D$8/$A19>1.75,D$8/$A19<2.01),0.06,IF(AND(D$8/$A19>2.01,D$8/$A19<2.26),0.07,IF(AND(D$8/$A19>2.25,D$8/$A19<2.51),0.08,IF(AND(D$8/$A19>2.5,D$8/$A19<2.76),0.09,IF(AND(D$8/$A19>2.75,D$8/$A19<3.01),0.1,IF(AND(D$8/$A19>3,D$8/$A19<3.26),0.11,IF(AND(D$8/$A19>3.25,D$8/$A19<3.51),0.12,IF(AND(D$8/$A19>3.5,D$8/$A19<3.76),0.13,IF(AND(D$8/$A19>3.75,D$8/$A19<4.01),0.14,IF(D$8/$A19>4,0.15))))))))))))))*(D$8-$A19)/12/4 -> 0 | E19: =IF(E$8/$A19<1.01,0,IF(AND(E$8/$A19>1,E$8/$A19<1.26),0.03,IF(AND(E$8/$A19>1.26,E$8/$A19<1.51),0.04,IF(AND(E$8/$A19>1.5,E$8/$A19<1.76),0.05,IF(AND(E$8/$A19>1.75,E$8/$A19<2.01),0.06,IF(AND(E$8/$A19>2.01,E$8/$A19<2.26),0.07,IF(AND(E$8/$A19>2.25,E$8/$A19<2.51),0.08,IF(AND(E$8/$A19>2.5,E$8/$A19<2.76),0.09,IF(AND(E$8/$A19>2.75,E$8/$A19<3.01),0.1,IF(AND(E$8/$A19>3,E$8/$A19<3.26),0.11,IF(AND(E$8/$A19>3.25,E$8/$A19<3.51),0.12,IF(AND(E$8/$A19>3.5,E$8/$A19<3.76),0.13,IF(AND(E$8/$A19>3.75,E$8/$A19<4.01),0.14,IF(E$8/$A19>4,0.15))))))))))))))*(E$8-$A19)/12/4 -> 0 | F19: =IF(F$8/$A19<1.01,0,IF(AND(F$8/$A19>1,F$8/$A19<1.26),0.03,IF(AND(F$8/$A19>1.26,F$8/$A19<1.51),0.04,IF(AND(F$8/$A19>1.5,F$8/$A19<1.76),0.05,IF(AND(F$8/$A19>1.75,F$8/$A19<2.01),0.06,IF(AND(F$8/$A19>2.01,F$8/$A19<2.26),0.07,IF(AND(F$8/$A19>2.25,F$8/$A19<2.51),0.08,IF(AND(F$8/$A19>2.5,F$8/$A19<2.76),0.09,IF(AND(F$8/$A19>2.75,F$8/$A19<3.01),0.1,IF(AND(F$8/$A19>3,F$8/$A19<3.26),0.11,IF(AND(F$8/$A19>3.25,F$8/$A19<3.51),0.12,IF(AND(F$8/$A19>3.5,F$8/$A19<3.76),0.13,IF(AND(F$8/$A19>3.75,F$8/$A19<4.01),0.14,IF(F$8/$A19>4,0.15))))))))))))))*(F$8-$A19)/12/4 -> 0 | G19: =IF(G$8/$A19<1.01,0,IF(AND(G$8/$A19>1,G$8/$A19<1.26),0.03,IF(AND(G$8/$A19>1.26,G$8/$A19<1.51),0.04,IF(AND(G$8/$A19>1.5,G$8/$A19<1.76),0.05,IF(AND(G$8/$A19>1.75,G$8/$A19<2.01),0.06,IF(AND(G$8/$A19>2.01,G$8/$A19<2.26),0.07,IF(AND(G$8/$A19>2.25,G$8/$A19<2.51),0.08,IF(AND(G$8/$A19>2.5,G$8/$A19<2.76),0.09,IF(AND(G$8/$A19>2.75,G$8/$A19<3.01),0.1,IF(AND(G$8/$A19>3,G$8/$A19<3.26),0.11,IF(AND(G$8/$A19>3.25,G$8/$A19<3.51),0.12,IF(AND(G$8/$A19>3.5,G$8/$A19<3.76),0.13,IF(AND(G$8/$A19>3.75,G$8/$A19<4.01),0.14,IF(G$8/$A19>4,0.15))))))))))))))*(G$8-$A19)/12/4 -> 0 | H19: =IF(H$8/$A19<1.01,0,IF(AND(H$8/$A19>1,H$8/$A19<1.26),0.03,IF(AND(H$8/$A19>1.26,H$8/$A19<1.51),0.04,IF(AND(H$8/$A19>1.5,H$8/$A19<1.76),0.05,IF(AND(H$8/$A19>1.75,H$8/$A19<2.01),0.06,IF(AND(H$8/$A19>2.01,H$8/$A19<2.26),0.07,IF(AND(H$8/$A19>2.25,H$8/$A19<2.51),0.08,IF(AND(H$8/$A19>2.5,H$8/$A19<2.76),0.09,IF(AND(H$8/$A19>2.75,H$8/$A19<3.01),0.1,IF(AND(H$8/$A19>3,H$8/$A19<3.26),0.11,IF(AND(H$8/$A19>3.25,H$8/$A19<3.51),0.12,IF(AND(H$8/$A19>3.5,H$8/$A19<3.76),0.13,IF(AND(H$8/$A19>3.75,H$8/$A19<4.01),0.14,IF(H$8/$A19>4,0.15))))))))))))))*(H$8-$A19)/12/4 -> 0 | I19: =IF(I$8/$A19<1.01,0,IF(AND(I$8/$A19>1,I$8/$A19<1.26),0.03,IF(AND(I$8/$A19>1.26,I$8/$A19<1.51),0.04,IF(AND(I$8/$A19>1.5,I$8/$A19<1.76),0.05,IF(AND(I$8/$A19>1.75,I$8/$A19<2.01),0.06,IF(AND(I$8/$A19>2.01,I$8/$A19<2.26),0.07,IF(AND(I$8/$A19>2.25,I$8/$A19<2.51),0.08,IF(AND(I$8/$A19>2.5,I$8/$A19<2.76),0.09,IF(AND(I$8/$A19>2.75,I$8/$A19<3.01),0.1,IF(AND(I$8/$A19>3,I$8/$A19<3.26),0.11,IF(AND(I$8/$A19>3.25,I$8/$A19<3.51),0.12,IF(AND(I$8/$A19>3.5,I$8/$A19<3.76),0.13,IF(AND(I$8/$A19>3.75,I$8/$A19<4.01),0.14,IF(I$8/$A19>4,0.15))))))))))))))*(I$8-$A19)/12/4 -> 0 | J19: =IF(J$8/$A19<1.01,0,IF(AND(J$8/$A19>1,J$8/$A19<1.26),0.03,IF(AND(J$8/$A19>1.26,J$8/$A19<1.51),0.04,IF(AND(J$8/$A19>1.5,J$8/$A19<1.76),0.05,IF(AND(J$8/$A19>1.75,J$8/$A19<2.01),0.06,IF(AND(J$8/$A19>2.01,J$8/$A19<2.26),0.07,IF(AND(J$8/$A19>2.25,J$8/$A19<2.51),0.08,IF(AND(J$8/$A19>2.5,J$8/$A19<2.76),0.09,IF(AND(J$8/$A19>2.75,J$8/$A19<3.01),0.1,IF(AND(J$8/$A19>3,J$8/$A19<3.26),0.11,IF(AND(J$8/$A19>3.25,J$8/$A19<3.51),0.12,IF(AND(J$8/$A19>3.5,J$8/$A19<3.76),0.13,IF(AND(J$8/$A19>3.75,J$8/$A19<4.01),0.14,IF(J$8/$A19>4,0.15))))))))))))))*(J$8-$A19)/12/4 -> 0 | ... O19: =IF(O$8/$A19<1.01,0,IF(AND(O$8/$A19>1,O$8/$A19<1.26),0.03,IF(AND(O$8/$A19>1.26,O$8/$A19<1.51),0.04,IF(AND(O$8/$A19>1.5,O$8/$A19<1.76),0.05,IF(AND(O$8/$A19>1.75,O$8/$A19<2.01),0.06,IF(AND(O$8/$A19>2.01,O$8/$A19<2.26),0.07,IF(AND(O$8/$A19>2.25,O$8/$A19<2.51),0.08,IF(AND(O$8/$A19>2.5,O$8/$A19<2.76),0.09,IF(AND(O$8/$A19>2.75,O$8/$A19<3.01),0.1,IF(AND(O$8/$A19>3,O$8/$A19<3.26),0.11,IF(AND(O$8/$A19>3.25,O$8/$A19<3.51),0.12,IF(AND(O$8/$A19>3.5,O$8/$A19<3.76),0.13,IF(AND(O$8/$A19>3.75,O$8/$A19<4.01),0.14,IF(O$8/$A19>4,0.15))))))))))))))*(O$8-$A19)/12/4 -> 25.181333
A20: 96770.8 | B20: 11 | C20: =IF(C$8/$A20<1.01,0,IF(AND(C$8/$A20>1,C$8/$A20<1.26),0.03,IF(AND(C$8/$A20>1.26,C$8/$A20<1.51),0.04,IF(AND(C$8/$A20>1.5,C$8/$A20<1.76),0.05,IF(AND(C$8/$A20>1.75,C$8/$A20<2.01),0.06,IF(AND(C$8/$A20>2.01,C$8/$A20<2.26),0.07,IF(AND(C$8/$A20>2.25,C$8/$A20<2.51),0.08,IF(AND(C$8/$A20>2.5,C$8/$A20<2.76),0.09,IF(AND(C$8/$A20>2.75,C$8/$A20<3.01),0.1,IF(AND(C$8/$A20>3,C$8/$A20<3.26),0.11,IF(AND(C$8/$A20>3.25,C$8/$A20<3.51),0.12,IF(AND(C$8/$A20>3.5,C$8/$A20<3.76),0.13,IF(AND(C$8/$A20>3.75,C$8/$A20<4.01),0.14,IF(C$8/$A20>4,0.15))))))))))))))*(C$8-$A20)/12/4 -> 0 | D20: =IF(D$8/$A20<1.01,0,IF(AND(D$8/$A20>1,D$8/$A20<1.26),0.03,IF(AND(D$8/$A20>1.26,D$8/$A20<1.51),0.04,IF(AND(D$8/$A20>1.5,D$8/$A20<1.76),0.05,IF(AND(D$8/$A20>1.75,D$8/$A20<2.01),0.06,IF(AND(D$8/$A20>2.01,D$8/$A20<2.26),0.07,IF(AND(D$8/$A20>2.25,D$8/$A20<2.51),0.08,IF(AND(D$8/$A20>2.5,D$8/$A20<2.76),0.09,IF(AND(D$8/$A20>2.75,D$8/$A20<3.01),0.1,IF(AND(D$8/$A20>3,D$8/$A20<3.26),0.11,IF(AND(D$8/$A20>3.25,D$8/$A20<3.51),0.12,IF(AND(D$8/$A20>3.5,D$8/$A20<3.76),0.13,IF(AND(D$8/$A20>3.75,D$8/$A20<4.01),0.14,IF(D$8/$A20>4,0.15))))))))))))))*(D$8-$A20)/12/4 -> 0 | E20: =IF(E$8/$A20<1.01,0,IF(AND(E$8/$A20>1,E$8/$A20<1.26),0.03,IF(AND(E$8/$A20>1.26,E$8/$A20<1.51),0.04,IF(AND(E$8/$A20>1.5,E$8/$A20<1.76),0.05,IF(AND(E$8/$A20>1.75,E$8/$A20<2.01),0.06,IF(AND(E$8/$A20>2.01,E$8/$A20<2.26),0.07,IF(AND(E$8/$A20>2.25,E$8/$A20<2.51),0.08,IF(AND(E$8/$A20>2.5,E$8/$A20<2.76),0.09,IF(AND(E$8/$A20>2.75,E$8/$A20<3.01),0.1,IF(AND(E$8/$A20>3,E$8/$A20<3.26),0.11,IF(AND(E$8/$A20>3.25,E$8/$A20<3.51),0.12,IF(AND(E$8/$A20>3.5,E$8/$A20<3.76),0.13,IF(AND(E$8/$A20>3.75,E$8/$A20<4.01),0.14,IF(E$8/$A20>4,0.15))))))))))))))*(E$8-$A20)/12/4 -> 0 | F20: =IF(F$8/$A20<1.01,0,IF(AND(F$8/$A20>1,F$8/$A20<1.26),0.03,IF(AND(F$8/$A20>1.26,F$8/$A20<1.51),0.04,IF(AND(F$8/$A20>1.5,F$8/$A20<1.76),0.05,IF(AND(F$8/$A20>1.75,F$8/$A20<2.01),0.06,IF(AND(F$8/$A20>2.01,F$8/$A20<2.26),0.07,IF(AND(F$8/$A20>2.25,F$8/$A20<2.51),0.08,IF(AND(F$8/$A20>2.5,F$8/$A20<2.76),0.09,IF(AND(F$8/$A20>2.75,F$8/$A20<3.01),0.1,IF(AND(F$8/$A20>3,F$8/$A20<3.26),0.11,IF(AND(F$8/$A20>3.25,F$8/$A20<3.51),0.12,IF(AND(F$8/$A20>3.5,F$8/$A20<3.76),0.13,IF(AND(F$8/$A20>3.75,F$8/$A20<4.01),0.14,IF(F$8/$A20>4,0.15))))))))))))))*(F$8-$A20)/12/4 -> 0 | G20: =IF(G$8/$A20<1.01,0,IF(AND(G$8/$A20>1,G$8/$A20<1.26),0.03,IF(AND(G$8/$A20>1.26,G$8/$A20<1.51),0.04,IF(AND(G$8/$A20>1.5,G$8/$A20<1.76),0.05,IF(AND(G$8/$A20>1.75,G$8/$A20<2.01),0.06,IF(AND(G$8/$A20>2.01,G$8/$A20<2.26),0.07,IF(AND(G$8/$A20>2.25,G$8/$A20<2.51),0.08,IF(AND(G$8/$A20>2.5,G$8/$A20<2.76),0.09,IF(AND(G$8/$A20>2.75,G$8/$A20<3.01),0.1,IF(AND(G$8/$A20>3,G$8/$A20<3.26),0.11,IF(AND(G$8/$A20>3.25,G$8/$A20<3.51),0.12,IF(AND(G$8/$A20>3.5,G$8/$A20<3.76),0.13,IF(AND(G$8/$A20>3.75,G$8/$A20<4.01),0.14,IF(G$8/$A20>4,0.15))))))))))))))*(G$8-$A20)/12/4 -> 0 | H20: =IF(H$8/$A20<1.01,0,IF(AND(H$8/$A20>1,H$8/$A20<1.26),0.03,IF(AND(H$8/$A20>1.26,H$8/$A20<1.51),0.04,IF(AND(H$8/$A20>1.5,H$8/$A20<1.76),0.05,IF(AND(H$8/$A20>1.75,H$8/$A20<2.01),0.06,IF(AND(H$8/$A20>2.01,H$8/$A20<2.26),0.07,IF(AND(H$8/$A20>2.25,H$8/$A20<2.51),0.08,IF(AND(H$8/$A20>2.5,H$8/$A20<2.76),0.09,IF(AND(H$8/$A20>2.75,H$8/$A20<3.01),0.1,IF(AND(H$8/$A20>3,H$8/$A20<3.26),0.11,IF(AND(H$8/$A20>3.25,H$8/$A20<3.51),0.12,IF(AND(H$8/$A20>3.5,H$8/$A20<3.76),0.13,IF(AND(H$8/$A20>3.75,H$8/$A20<4.01),0.14,IF(H$8/$A20>4,0.15))))))))))))))*(H$8-$A20)/12/4 -> 0 | I20: =IF(I$8/$A20<1.01,0,IF(AND(I$8/$A20>1,I$8/$A20<1.26),0.03,IF(AND(I$8/$A20>1.26,I$8/$A20<1.51),0.04,IF(AND(I$8/$A20>1.5,I$8/$A20<1.76),0.05,IF(AND(I$8/$A20>1.75,I$8/$A20<2.01),0.06,IF(AND(I$8/$A20>2.01,I$8/$A20<2.26),0.07,IF(AND(I$8/$A20>2.25,I$8/$A20<2.51),0.08,IF(AND(I$8/$A20>2.5,I$8/$A20<2.76),0.09,IF(AND(I$8/$A20>2.75,I$8/$A20<3.01),0.1,IF(AND(I$8/$A20>3,I$8/$A20<3.26),0.11,IF(AND(I$8/$A20>3.25,I$8/$A20<3.51),0.12,IF(AND(I$8/$A20>3.5,I$8/$A20<3.76),0.13,IF(AND(I$8/$A20>3.75,I$8/$A20<4.01),0.14,IF(I$8/$A20>4,0.15))))))))))))))*(I$8-$A20)/12/4 -> 0 | J20: =IF(J$8/$A20<1.01,0,IF(AND(J$8/$A20>1,J$8/$A20<1.26),0.03,IF(AND(J$8/$A20>1.26,J$8/$A20<1.51),0.04,IF(AND(J$8/$A20>1.5,J$8/$A20<1.76),0.05,IF(AND(J$8/$A20>1.75,J$8/$A20<2.01),0.06,IF(AND(J$8/$A20>2.01,J$8/$A20<2.26),0.07,IF(AND(J$8/$A20>2.25,J$8/$A20<2.51),0.08,IF(AND(J$8/$A20>2.5,J$8/$A20<2.76),0.09,IF(AND(J$8/$A20>2.75,J$8/$A20<3.01),0.1,IF(AND(J$8/$A20>3,J$8/$A20<3.26),0.11,IF(AND(J$8/$A20>3.25,J$8/$A20<3.51),0.12,IF(AND(J$8/$A20>3.5,J$8/$A20<3.76),0.13,IF(AND(J$8/$A20>3.75,J$8/$A20<4.01),0.14,IF(J$8/$A20>4,0.15))))))))))))))*(J$8-$A20)/12/4 -> 0 | ... O20: =IF(O$8/$A20<1.01,0,IF(AND(O$8/$A20>1,O$8/$A20<1.26),0.03,IF(AND(O$8/$A20>1.26,O$8/$A20<1.51),0.04,IF(AND(O$8/$A20>1.5,O$8/$A20<1.76),0.05,IF(AND(O$8/$A20>1.75,O$8/$A20<2.01),0.06,IF(AND(O$8/$A20>2.01,O$8/$A20<2.26),0.07,IF(AND(O$8/$A20>2.25,O$8/$A20<2.51),0.08,IF(AND(O$8/$A20>2.5,O$8/$A20<2.76),0.09,IF(AND(O$8/$A20>2.75,O$8/$A20<3.01),0.1,IF(AND(O$8/$A20>3,O$8/$A20<3.26),0.11,IF(AND(O$8/$A20>3.25,O$8/$A20<3.51),0.12,IF(AND(O$8/$A20>3.5,O$8/$A20<3.76),0.13,IF(AND(O$8/$A20>3.75,O$8/$A20<4.01),0.14,IF(O$8/$A20>4,0.15))))))))))))))*(O$8-$A20)/12/4 -> 14.1645
A21: 104325.2 | B21: 12 | C21: =IF(C$8/$A21<1.01,0,IF(AND(C$8/$A21>1,C$8/$A21<1.26),0.03,IF(AND(C$8/$A21>1.26,C$8/$A21<1.51),0.04,IF(AND(C$8/$A21>1.5,C$8/$A21<1.76),0.05,IF(AND(C$8/$A21>1.75,C$8/$A21<2.01),0.06,IF(AND(C$8/$A21>2.01,C$8/$A21<2.26),0.07,IF(AND(C$8/$A21>2.25,C$8/$A21<2.51),0.08,IF(AND(C$8/$A21>2.5,C$8/$A21<2.76),0.09,IF(AND(C$8/$A21>2.75,C$8/$A21<3.01),0.1,IF(AND(C$8/$A21>3,C$8/$A21<3.26),0.11,IF(AND(C$8/$A21>3.25,C$8/$A21<3.51),0.12,IF(AND(C$8/$A21>3.5,C$8/$A21<3.76),0.13,IF(AND(C$8/$A21>3.75,C$8/$A21<4.01),0.14,IF(C$8/$A21>4,0.15))))))))))))))*(C$8-$A21)/12/4 -> 0 | D21: =IF(D$8/$A21<1.01,0,IF(AND(D$8/$A21>1,D$8/$A21<1.26),0.03,IF(AND(D$8/$A21>1.26,D$8/$A21<1.51),0.04,IF(AND(D$8/$A21>1.5,D$8/$A21<1.76),0.05,IF(AND(D$8/$A21>1.75,D$8/$A21<2.01),0.06,IF(AND(D$8/$A21>2.01,D$8/$A21<2.26),0.07,IF(AND(D$8/$A21>2.25,D$8/$A21<2.51),0.08,IF(AND(D$8/$A21>2.5,D$8/$A21<2.76),0.09,IF(AND(D$8/$A21>2.75,D$8/$A21<3.01),0.1,IF(AND(D$8/$A21>3,D$8/$A21<3.26),0.11,IF(AND(D$8/$A21>3.25,D$8/$A21<3.51),0.12,IF(AND(D$8/$A21>3.5,D$8/$A21<3.76),0.13,IF(AND(D$8/$A21>3.75,D$8/$A21<4.01),0.14,IF(D$8/$A21>4,0.15))))))))))))))*(D$8-$A21)/12/4 -> 0 | E21: =IF(E$8/$A21<1.01,0,IF(AND(E$8/$A21>1,E$8/$A21<1.26),0.03,IF(AND(E$8/$A21>1.26,E$8/$A21<1.51),0.04,IF(AND(E$8/$A21>1.5,E$8/$A21<1.76),0.05,IF(AND(E$8/$A21>1.75,E$8/$A21<2.01),0.06,IF(AND(E$8/$A21>2.01,E$8/$A21<2.26),0.07,IF(AND(E$8/$A21>2.25,E$8/$A21<2.51),0.08,IF(AND(E$8/$A21>2.5,E$8/$A21<2.76),0.09,IF(AND(E$8/$A21>2.75,E$8/$A21<3.01),0.1,IF(AND(E$8/$A21>3,E$8/$A21<3.26),0.11,IF(AND(E$8/$A21>3.25,E$8/$A21<3.51),0.12,IF(AND(E$8/$A21>3.5,E$8/$A21<3.76),0.13,IF(AND(E$8/$A21>3.75,E$8/$A21<4.01),0.14,IF(E$8/$A21>4,0.15))))))))))))))*(E$8-$A21)/12/4 -> 0 | F21: =IF(F$8/$A21<1.01,0,IF(AND(F$8/$A21>1,F$8/$A21<1.26),0.03,IF(AND(F$8/$A21>1.26,F$8/$A21<1.51),0.04,IF(AND(F$8/$A21>1.5,F$8/$A21<1.76),0.05,IF(AND(F$8/$A21>1.75,F$8/$A21<2.01),0.06,IF(AND(F$8/$A21>2.01,F$8/$A21<2.26),0.07,IF(AND(F$8/$A21>2.25,F$8/$A21<2.51),0.08,IF(AND(F$8/$A21>2.5,F$8/$A21<2.76),0.09,IF(AND(F$8/$A21>2.75,F$8/$A21<3.01),0.1,IF(AND(F$8/$A21>3,F$8/$A21<3.26),0.11,IF(AND(F$8/$A21>3.25,F$8/$A21<3.51),0.12,IF(AND(F$8/$A21>3.5,F$8/$A21<3.76),0.13,IF(AND(F$8/$A21>3.75,F$8/$A21<4.01),0.14,IF(F$8/$A21>4,0.15))))))))))))))*(F$8-$A21)/12/4 -> 0 | G21: =IF(G$8/$A21<1.01,0,IF(AND(G$8/$A21>1,G$8/$A21<1.26),0.03,IF(AND(G$8/$A21>1.26,G$8/$A21<1.51),0.04,IF(AND(G$8/$A21>1.5,G$8/$A21<1.76),0.05,IF(AND(G$8/$A21>1.75,G$8/$A21<2.01),0.06,IF(AND(G$8/$A21>2.01,G$8/$A21<2.26),0.07,IF(AND(G$8/$A21>2.25,G$8/$A21<2.51),0.08,IF(AND(G$8/$A21>2.5,G$8/$A21<2.76),0.09,IF(AND(G$8/$A21>2.75,G$8/$A21<3.01),0.1,IF(AND(G$8/$A21>3,G$8/$A21<3.26),0.11,IF(AND(G$8/$A21>3.25,G$8/$A21<3.51),0.12,IF(AND(G$8/$A21>3.5,G$8/$A21<3.76),0.13,IF(AND(G$8/$A21>3.75,G$8/$A21<4.01),0.14,IF(G$8/$A21>4,0.15))))))))))))))*(G$8-$A21)/12/4 -> 0 | H21: =IF(H$8/$A21<1.01,0,IF(AND(H$8/$A21>1,H$8/$A21<1.26),0.03,IF(AND(H$8/$A21>1.26,H$8/$A21<1.51),0.04,IF(AND(H$8/$A21>1.5,H$8/$A21<1.76),0.05,IF(AND(H$8/$A21>1.75,H$8/$A21<2.01),0.06,IF(AND(H$8/$A21>2.01,H$8/$A21<2.26),0.07,IF(AND(H$8/$A21>2.25,H$8/$A21<2.51),0.08,IF(AND(H$8/$A21>2.5,H$8/$A21<2.76),0.09,IF(AND(H$8/$A21>2.75,H$8/$A21<3.01),0.1,IF(AND(H$8/$A21>3,H$8/$A21<3.26),0.11,IF(AND(H$8/$A21>3.25,H$8/$A21<3.51),0.12,IF(AND(H$8/$A21>3.5,H$8/$A21<3.76),0.13,IF(AND(H$8/$A21>3.75,H$8/$A21<4.01),0.14,IF(H$8/$A21>4,0.15))))))))))))))*(H$8-$A21)/12/4 -> 0 | I21: =IF(I$8/$A21<1.01,0,IF(AND(I$8/$A21>1,I$8/$A21<1.26),0.03,IF(AND(I$8/$A21>1.26,I$8/$A21<1.51),0.04,IF(AND(I$8/$A21>1.5,I$8/$A21<1.76),0.05,IF(AND(I$8/$A21>1.75,I$8/$A21<2.01),0.06,IF(AND(I$8/$A21>2.01,I$8/$A21<2.26),0.07,IF(AND(I$8/$A21>2.25,I$8/$A21<2.51),0.08,IF(AND(I$8/$A21>2.5,I$8/$A21<2.76),0.09,IF(AND(I$8/$A21>2.75,I$8/$A21<3.01),0.1,IF(AND(I$8/$A21>3,I$8/$A21<3.26),0.11,IF(AND(I$8/$A21>3.25,I$8/$A21<3.51),0.12,IF(AND(I$8/$A21>3.5,I$8/$A21<3.76),0.13,IF(AND(I$8/$A21>3.75,I$8/$A21<4.01),0.14,IF(I$8/$A21>4,0.15))))))))))))))*(I$8-$A21)/12/4 -> 0 | J21: =IF(J$8/$A21<1.01,0,IF(AND(J$8/$A21>1,J$8/$A21<1.26),0.03,IF(AND(J$8/$A21>1.26,J$8/$A21<1.51),0.04,IF(AND(J$8/$A21>1.5,J$8/$A21<1.76),0.05,IF(AND(J$8/$A21>1.75,J$8/$A21<2.01),0.06,IF(AND(J$8/$A21>2.01,J$8/$A21<2.26),0.07,IF(AND(J$8/$A21>2.25,J$8/$A21<2.51),0.08,IF(AND(J$8/$A21>2.5,J$8/$A21<2.76),0.09,IF(AND(J$8/$A21>2.75,J$8/$A21<3.01),0.1,IF(AND(J$8/$A21>3,J$8/$A21<3.26),0.11,IF(AND(J$8/$A21>3.25,J$8/$A21<3.51),0.12,IF(AND(J$8/$A21>3.5,J$8/$A21<3.76),0.13,IF(AND(J$8/$A21>3.75,J$8/$A21<4.01),0.14,IF(J$8/$A21>4,0.15))))))))))))))*(J$8-$A21)/12/4 -> 0 | ... O21: =IF(O$8/$A21<1.01,0,IF(AND(O$8/$A21>1,O$8/$A21<1.26),0.03,IF(AND(O$8/$A21>1.26,O$8/$A21<1.51),0.04,IF(AND(O$8/$A21>1.5,O$8/$A21<1.76),0.05,IF(AND(O$8/$A21>1.75,O$8/$A21<2.01),0.06,IF(AND(O$8/$A21>2.01,O$8/$A21<2.26),0.07,IF(AND(O$8/$A21>2.25,O$8/$A21<2.51),0.08,IF(AND(O$8/$A21>2.5,O$8/$A21<2.76),0.09,IF(AND(O$8/$A21>2.75,O$8/$A21<3.01),0.1,IF(AND(O$8/$A21>3,O$8/$A21<3.26),0.11,IF(AND(O$8/$A21>3.25,O$8/$A21<3.51),0.12,IF(AND(O$8/$A21>3.5,O$8/$A21<3.76),0.13,IF(AND(O$8/$A21>3.75,O$8/$A21<4.01),0.14,IF(O$8/$A21>4,0.15))))))))))))))*(O$8-$A21)/12/4 -> 9.443
... A23: 119434 | B23: 14 | C23: =IF(C$8/$A23<1.01,0,IF(AND(C$8/$A23>1,C$8/$A23<1.26),0.03,IF(AND(C$8/$A23>1.26,C$8/$A23<1.51),0.04,IF(AND(C$8/$A23>1.5,C$8/$A23<1.76),0.05,IF(AND(C$8/$A23>1.75,C$8/$A23<2.01),0.06,IF(AND(C$8/$A23>2.01,C$8/$A23<2.26),0.07,IF(AND(C$8/$A23>2.25,C$8/$A23<2.51),0.08,IF(AND(C$8/$A23>2.5,C$8/$A23<2.76),0.09,IF(AND(C$8/$A23>2.75,C$8/$A23<3.01),0.1,IF(AND(C$8/$A23>3,C$8/$A23<3.26),0.11,IF(AND(C$8/$A23>3.25,C$8/$A23<3.51),0.12,IF(AND(C$8/$A23>3.5,C$8/$A23<3.76),0.13,IF(AND(C$8/$A23>3.75,C$8/$A23<4.01),0.14,IF(C$8/$A23>4,0.15))))))))))))))*(C$8-$A23)/12/4 -> 0 | D23: =IF(D$8/$A23<1.01,0,IF(AND(D$8/$A23>1,D$8/$A23<1.26),0.03,IF(AND(D$8/$A23>1.26,D$8/$A23<1.51),0.04,IF(AND(D$8/$A23>1.5,D$8/$A23<1.76),0.05,IF(AND(D$8/$A23>1.75,D$8/$A23<2.01),0.06,IF(AND(D$8/$A23>2.01,D$8/$A23<2.26),0.07,IF(AND(D$8/$A23>2.25,D$8/$A23<2.51),0.08,IF(AND(D$8/$A23>2.5,D$8/$A23<2.76),0.09,IF(AND(D$8/$A23>2.75,D$8/$A23<3.01),0.1,IF(AND(D$8/$A23>3,D$8/$A23<3.26),0.11,IF(AND(D$8/$A23>3.25,D$8/$A23<3.51),0.12,IF(AND(D$8/$A23>3.5,D$8/$A23<3.76),0.13,IF(AND(D$8/$A23>3.75,D$8/$A23<4.01),0.14,IF(D$8/$A23>4,0.15))))))))))))))*(D$8-$A23)/12/4 -> 0 | E23: =IF(E$8/$A23<1.01,0,IF(AND(E$8/$A23>1,E$8/$A23<1.26),0.03,IF(AND(E$8/$A23>1.26,E$8/$A23<1.51),0.04,IF(AND(E$8/$A23>1.5,E$8/$A23<1.76),0.05,IF(AND(E$8/$A23>1.75,E$8/$A23<2.01),0.06,IF(AND(E$8/$A23>2.01,E$8/$A23<2.26),0.07,IF(AND(E$8/$A23>2.25,E$8/$A23<2.51),0.08,IF(AND(E$8/$A23>2.5,E$8/$A23<2.76),0.09,IF(AND(E$8/$A23>2.75,E$8/$A23<3.01),0.1,IF(AND(E$8/$A23>3,E$8/$A23<3.26),0.11,IF(AND(E$8/$A23>3.25,E$8/$A23<3.51),0.12,IF(AND(E$8/$A23>3.5,E$8/$A23<3.76),0.13,IF(AND(E$8/$A23>3.75,E$8/$A23<4.01),0.14,IF(E$8/$A23>4,0.15))))))))))))))*(E$8-$A23)/12/4 -> 0 | F23: =IF(F$8/$A23<1.01,0,IF(AND(F$8/$A23>1,F$8/$A23<1.26),0.03,IF(AND(F$8/$A23>1.26,F$8/$A23<1.51),0.04,IF(AND(F$8/$A23>1.5,F$8/$A23<1.76),0.05,IF(AND(F$8/$A23>1.75,F$8/$A23<2.01),0.06,IF(AND(F$8/$A23>2.01,F$8/$A23<2.26),0.07,IF(AND(F$8/$A23>2.25,F$8/$A23<2.51),0.08,IF(AND(F$8/$A23>2.5,F$8/$A23<2.76),0.09,IF(AND(F$8/$A23>2.75,F$8/$A23<3.01),0.1,IF(AND(F$8/$A23>3,F$8/$A23<3.26),0.11,IF(AND(F$8/$A23>3.25,F$8/$A23<3.51),0.12,IF(AND(F$8/$A23>3.5,F$8/$A23<3.76),0.13,IF(AND(F$8/$A23>3.75,F$8/$A23<4.01),0.14,IF(F$8/$A23>4,0.15))))))))))))))*(F$8-$A23)/12/4 -> 0 | G23: =IF(G$8/$A23<1.01,0,IF(AND(G$8/$A23>1,G$8/$A23<1.26),0.03,IF(AND(G$8/$A23>1.26,G$8/$A23<1.51),0.04,IF(AND(G$8/$A23>1.5,G$8/$A23<1.76),0.05,IF(AND(G$8/$A23>1.75,G$8/$A23<2.01),0.06,IF(AND(G$8/$A23>2.01,G$8/$A23<2.26),0.07,IF(AND(G$8/$A23>2.25,G$8/$A23<2.51),0.08,IF(AND(G$8/$A23>2.5,G$8/$A23<2.76),0.09,IF(AND(G$8/$A23>2.75,G$8/$A23<3.01),0.1,IF(AND(G$8/$A23>3,G$8/$A23<3.26),0.11,IF(AND(G$8/$A23>3.25,G$8/$A23<3.51),0.12,IF(AND(G$8/$A23>3.5,G$8/$A23<3.76),0.13,IF(AND(G$8/$A23>3.75,G$8/$A23<4.01),0.14,IF(G$8/$A23>4,0.15))))))))))))))*(G$8-$A23)/12/4 -> 0 | H23: =IF(H$8/$A23<1.01,0,IF(AND(H$8/$A23>1,H$8/$A23<1.26),0.03,IF(AND(H$8/$A23>1.26,H$8/$A23<1.51),0.04,IF(AND(H$8/$A23>1.5,H$8/$A23<1.76),0.05,IF(AND(H$8/$A23>1.75,H$8/$A23<2.01),0.06,IF(AND(H$8/$A23>2.01,H$8/$A23<2.26),0.07,IF(AND(H$8/$A23>2.25,H$8/$A23<2.51),0.08,IF(AND(H$8/$A23>2.5,H$8/$A23<2.76),0.09,IF(AND(H$8/$A23>2.75,H$8/$A23<3.01),0.1,IF(AND(H$8/$A23>3,H$8/$A23<3.26),0.11,IF(AND(H$8/$A23>3.25,H$8/$A23<3.51),0.12,IF(AND(H$8/$A23>3.5,H$8/$A23<3.76),0.13,IF(AND(H$8/$A23>3.75,H$8/$A23<4.01),0.14,IF(H$8/$A23>4,0.15))))))))))))))*(H$8-$A23)/12/4 -> 0 | I23: =IF(I$8/$A23<1.01,0,IF(AND(I$8/$A23>1,I$8/$A23<1.26),0.03,IF(AND(I$8/$A23>1.26,I$8/$A23<1.51),0.04,IF(AND(I$8/$A23>1.5,I$8/$A23<1.76),0.05,IF(AND(I$8/$A23>1.75,I$8/$A23<2.01),0.06,IF(AND(I$8/$A23>2.01,I$8/$A23<2.26),0.07,IF(AND(I$8/$A23>2.25,I$8/$A23<2.51),0.08,IF(AND(I$8/$A23>2.5,I$8/$A23<2.76),0.09,IF(AND(I$8/$A23>2.75,I$8/$A23<3.01),0.1,IF(AND(I$8/$A23>3,I$8/$A23<3.26),0.11,IF(AND(I$8/$A23>3.25,I$8/$A23<3.51),0.12,IF(AND(I$8/$A23>3.5,I$8/$A23<3.76),0.13,IF(AND(I$8/$A23>3.75,I$8/$A23<4.01),0.14,IF(I$8/$A23>4,0.15))))))))))))))*(I$8-$A23)/12/4 -> 0 | J23: =IF(J$8/$A23<1.01,0,IF(AND(J$8/$A23>1,J$8/$A23<1.26),0.03,IF(AND(J$8/$A23>1.26,J$8/$A23<1.51),0.04,IF(AND(J$8/$A23>1.5,J$8/$A23<1.76),0.05,IF(AND(J$8/$A23>1.75,J$8/$A23<2.01),0.06,IF(AND(J$8/$A23>2.01,J$8/$A23<2.26),0.07,IF(AND(J$8/$A23>2.25,J$8/$A23<2.51),0.08,IF(AND(J$8/$A23>2.5,J$8/$A23<2.76),0.09,IF(AND(J$8/$A23>2.75,J$8/$A23<3.01),0.1,IF(AND(J$8/$A23>3,J$8/$A23<3.26),0.11,IF(AND(J$8/$A23>3.25,J$8/$A23<3.51),0.12,IF(AND(J$8/$A23>3.5,J$8/$A23<3.76),0.13,IF(AND(J$8/$A23>3.75,J$8/$A23<4.01),0.14,IF(J$8/$A23>4,0.15))))))))))))))*(J$8-$A23)/12/4 -> 0 | ... O23: =IF(O$8/$A23<1.01,0,IF(AND(O$8/$A23>1,O$8/$A23<1.26),0.03,IF(AND(O$8/$A23>1.26,O$8/$A23<1.51),0.04,IF(AND(O$8/$A23>1.5,O$8/$A23<1.76),0.05,IF(AND(O$8/$A23>1.75,O$8/$A23<2.01),0.06,IF(AND(O$8/$A23>2.01,O$8/$A23<2.26),0.07,IF(AND(O$8/$A23>2.25,O$8/$A23<2.51),0.08,IF(AND(O$8/$A23>2.5,O$8/$A23<2.76),0.09,IF(AND(O$8/$A23>2.75,O$8/$A23<3.01),0.1,IF(AND(O$8/$A23>3,O$8/$A23<3.26),0.11,IF(AND(O$8/$A23>3.25,O$8/$A23<3.51),0.12,IF(AND(O$8/$A23>3.5,O$8/$A23<3.76),0.13,IF(AND(O$8/$A23>3.75,O$8/$A23<4.01),0.14,IF(O$8/$A23>4,0.15))))))))))))))*(O$8-$A23)/12/4 -> 0
A24: 15960 | B24: = 100% Poverty Level | C24: =C7/$A$24 -> 0 | D24: =D7/$A$24 -> 1.3300627 | E24: =E7/$A$24 -> 1.803396 | F24: =F7/$A$24 -> 2.2767293 | G24: =G7/$A$24 -> 3.223396 | H24: =H7/$A$24 -> 3.6967293 | I24: =I7/$A$24 -> 4.1700627 | J24: =J7/$A$24 -> 4.643396 | ... O24: =O7/$A$24 -> 7.0100627
C25: =C8/$A$24 -> 1.33 | D25: =D8/$A$24 -> 1.8033333 | E25: =E8/$A$24 -> 2.2766667 | F25: =F8/$A$24 -> 3.2233333 | G25: =G8/$A$24 -> 3.6966667 | H25: =H8/$A$24 -> 4.17 | I25: =I8/$A$24 -> 4.6433333 | J25: =J8/$A$24 -> 5.1166667 | ... O25: =O8/$A$24 -> 7.4833333
B27: Steps:
B28: 1) | C28: Determine income
B29: 2) | C29: Determine family size
B30: 3) | C30: Use table to find per visit ability to pay
B33: Notes:
B34: *The above table represents the weekly maximum liability assuming a weekly session at CMHCM
B35: *Consumer's ability to pay is reassessed annually
B36: *Eligiblity is based solely on total income and family size
B37: *No one will be denied access to services due to inability to pay
B38: *The FPG is updated annually by the Census Bureau
B39: *The federal sliding fee discount program falls under 42 USC 254g
B40: *By authority conferred on the department of health and human services by sections 114, 818, and 842 of the mental health code, 1974 PA 258, MCL 330.1114, 330.1818, and 330.1842
B41: *R 330.8005, R 330.8239, R 330.8240, R 330.8242, and R 330.8279 of the Michigan Administrative Code

Sheet MDHHS ATP Data Tables FY26
A3: Community Mental Health for Central Michigan
A4: Sliding Fee Schedule
A5: Based on 2026 Federal Poverty Guidelines (FPG)
A8: Family Size | B8: Base income/poverty level (133%) | D8: Qualifying Income as Percent of Applicable Poverty Guidelines | E8: Percentage of Income Available for Ability to Pay | G8: EX: family of 1 and $51,444 annual income
A9: 1 | B9: =+'SFS 1.28.26'!A10 -> 21226.8 | D9: 1 | E9: 0 | I9: =G9*0.04 -> 0 | J9: =I9/12 -> 0
A10: 2 | B10: =+'SFS 1.28.26'!A11 -> 28781.2 | D10: 101-125% | E10: 0.03 | F10: 1. Over the Fed Pov Line | G10: =51444/B9 -> 2.4235401
A11: 3 | B11: =+'SFS 1.28.26'!A12 -> 36335.6 | D11: 126-150% | E11: 0.04 | F11: 2. find % in chart | G11: 0.08
A12: 4 | B12: =+'SFS 1.28.26'!A13 -> 43890 | D12: 151-175% | E12: 0.05 | F12: 3. Inc less base | G12: =51444-B9 -> 30217.2 | H12: Income available for care
A13: 5 | B13: =+'SFS 1.28.26'!A14 -> 51444.4 | D13: 176-200% | E13: 0.06 | F13: 4. multiply 8% x 30,217 | G13: =G12*0.08 -> 2417.376
A14: 6 | B14: =+'SFS 1.28.26'!A15 -> 58998.8 | D14: 201-225% | E14: 0.07 | F14: 5. annual ability to pay | G14: =G13 -> 2417.376
A15: 7 | B15: =+'SFS 1.28.26'!A16 -> 66553.2 | D15: 226-250% | E15: 0.08 | F15: 6. monthly ability to pay | G15: =G14/12 -> 201.448 | H15: =+G15/4 -> 50.362 | I15: Maximum per visit equals chart on first tab | M15: =+'SFS 1.28.26'!F10 -> 50.362667 | N15: Calculates accurately!
A16: 8 | B16: =+'SFS 1.28.26'!A17 -> 74107.6 | D16: 251-275% | E16: 0.09 | F16: 7. Can bill up to the full monthly ATP at their 1st session and not exceeding the monthly ability to pay.
A17: For each additional person, add | B17: =+B10-B9 -> 7554.4 | D17: 276-300% | E17: 0.1
D18: 301-325% | E18: 0.11
D19: 326-350% | E19: 0.12
D20: 351-375% | E20: 0.13
D21: 376-400% | E21: 0.14
D22: 401%+ | E22: 0.15
A24: Steps:
A25: 1) | B25: Determine qualifying income
A26: 2) | B26: Correlate family size with Federal poverty guideline to determine base level income
A27: 3) | B27: Divide qualifying income by base level and multiply by 100%
A28: 4) | B28: Subtract base level income 2) above, from qualifying income 1) above resulting in the income available for cost of care
A29: 5) | B29: Correlate the qualifying income percentage to base income from 3) above to determine the percentage of income available for ability to pay based on chart
A30: 6) | B30: Annual ability to pay will be the income available for care times the percentage of income available for ability to pay (4*5)
A31: 7) | B31: Divide annual ability to pay by 12 for the monthly liability
A32: Notes:
A33: *the NHSC ATP is a per visit maximum based on assumption of one weekly session per month
A34: *Less than 133% of FPG, consumers qualify for medical assistance
A35: *Consumer's ability to pay is reassessed annually
A36: *Eligiblity is based solely on Gross income and family size
A37: *No one will be denied access to services due to inability to pay
A38: *The FPG is updated annually by the Census Bureau
A39: *The federal sliding fee discount program falls under 42 USC 254g
A40: *Related guidance: HRSA Health Center Program, Chapter 9: Sliding Fee discount Program under authority of: Section 330(k)(3)(G) of the PHS Act; 42 CFR 51c.303(f), 42 CFR 51c.303(g), 42 CFR 51c.303(u), 42 CFR 56.303(f), 42 CFR 56.303(g), and 42 CFR 56.303(u)
A41: Add in DHHS 9/27/22 Michigan Administrative Code Part 8. Subpart 1. R 330.8005, R330.8239, R330.8240, R330.8242 and R330.8279
